Workbook
Name AREA: #REF!
Name BDI: #REF!
Name CONCATENAR: CONCATENATE(#REF!," ",#REF!)
Name DATABASE: #REF!
Name DATAEMISSAO: #REF!
Name DATART: #REF!
Name EMPRESAS: OFFSET([2]Cotações!$B$25,1,0):OFFSET([2]Cotações!$H$41,-1,0)
Name INDICES: OFFSET([2]Cotações!$B$20,1,0):OFFSET([2]Cotações!$I$24,-1,0)
Name LOCALIDADE: #REF!
Name NCOMPOSICOES: 15
Name NCOTACOES: 15
Name NEMPRESAS: 15
Name NINDICES: 3
Name NRELATORIOS: COUNTA([2]Relatórios!$A:$A)-2
Name NumerEmpresa: 15
Name NumerIndice: 3
Name Objeto: "Referência"
Name P.1: #REF!
Name P.10: #REF!
Name P.11: #REF!
Name P.12: #REF!
Name P.13: #REF!
Name P.14: #REF!
Name P.15: #REF!
Name P.2: #REF!
Name P.3: #REF!
Name P.4: #REF!
Name P.5: #REF!
Name P.6: #REF!
Name P.7: #REF!
Name P.8: #REF!
Name P.9: #REF!
Name PP1.1: #REF!
Name PP1.10: #REF!
Name PP1.11: #REF!
Name PP1.12: #REF!
Name PP1.13: #REF!
Name PP1.14: #REF!
Name PP1.15: #REF!
Name PP1.2: #REF!
Name PP1.3: #REF!
Name PP1.4: #REF!
Name PP1.5: #REF!
Name PP1.6: #REF!
Name PP1.7: #REF!
Name PP1.8: #REF!
Name PP1.9: #REF!
Name RelatoriosFontes: OFFSET([2]Relatórios!$A$5,1,0,NRELATORIOS)
Name T.1: #REF!
Name T.10: #REF!
Name T.11: #REF!
Name T.12: #REF!
Name T.13: #REF!
Name T.14: #REF!
Name T.15: #REF!
Name T.2: #REF!
Name T.3: #REF!
Name T.4: #REF!
Name T.5: #REF!
Name T.6: #REF!

Sheet Banco
B1: BANCO DE CUSTOS - REFERÊNCIA 2.4 | I1: AS = ATRIBUÍDO SÃO PAULO
B2: DATA PREÇO (SINAPI): | D2: LOCALIDADE / DATA EMISSÃO (SINAPI): | I2: CR = COEFICIENTE DE REPRESENTATIVIDADE
B3: 03/2025 | I3: C = COLETADO
D4: 11/04/2025 | I4: ORIGEM DO PREÇO
B5: FONTE | C5: CÓDIGO | D5: DESCRIÇÃO | E5: UNIDADE | F5: CUSTO UNITÁRIO DESONERADO | G5: CUSTO UNITÁRIO NÃO DESONERADO | J5: % AS DESONERADO | K5: % AS NAO DESONERADO
A7: =CONCATENATE($B7," ",$C7) -> SINAPI-I 45333 | B7: SINAPI-I | C7: 45333 | D7: ABERTURA PARA ENCAIXE DE CUBA OU LAVATORIO EM BANCADA DE MARMORE/ GRANITO OU OUTRO TIPO DE PEDRA NATURAL | E7: UN | F7: 204.35 | G7: 204.35 | I7: CR
A8: =CONCATENATE($B8," ",$C8) -> SINAPI-I 11270 | B8: SINAPI-I | C8: 11270 | D8: ABRACADEIRA DE LATAO PARA FIXACAO DE CABO PARA-RAIO, DIMENSOES 32 X 24 X 24 MM | E8: UN
A9: =CONCATENATE($B9," ",$C9) -> SINAPI-I 412 | B9: SINAPI-I | C9: 412 | D9: ABRACADEIRA DE NYLON PARA AMARRACAO DE CABOS, COMPRIMENTO DE *230* X *7,6* MM | E9: UN | F9: 0.82 | G9: 0.82 | I9: CR
A10: =CONCATENATE($B10," ",$C10) -> SINAPI-I 414 | B10: SINAPI-I | C10: 414 | D10: ABRACADEIRA DE NYLON PARA AMARRACAO DE CABOS, COMPRIMENTO DE 100 X 2,5 MM | E10: UN | F10: 0.05 | G10: 0.05 | I10: CR
A11: =CONCATENATE($B11," ",$C11) -> SINAPI-I 410 | B11: SINAPI-I | C11: 410 | D11: ABRACADEIRA DE NYLON PARA AMARRACAO DE CABOS, COMPRIMENTO DE 150 X *3,6* MM | E11: UN | F11: 0.12 | G11: 0.12 | I11: CR
A12: =CONCATENATE($B12," ",$C12) -> SINAPI-I 411 | B12: SINAPI-I | C12: 411 | D12: ABRACADEIRA DE NYLON PARA AMARRACAO DE CABOS, COMPRIMENTO DE 200 X *4,6* MM | E12: UN | F12: 0.16 | G12: 0.16 | I12: C
A13: =CONCATENATE($B13," ",$C13) -> SINAPI-I 408 | B13: SINAPI-I | C13: 408 | D13: ABRACADEIRA DE NYLON PARA AMARRACAO DE CABOS, COMPRIMENTO DE 390 X *4,6* MM | E13: UN | F13: 0.79 | G13: 0.79 | I13: CR
A14: =CONCATENATE($B14," ",$C14) -> SINAPI-I 39131 | B14: SINAPI-I | C14: 39131 | D14: ABRACADEIRA EM ACO PARA AMARRACAO DE ELETRODUTOS, TIPO D, COM 1 1/2" E CUNHA DE FIXACAO | E14: UN | F14: 2.85 | G14: 2.85 | I14: CR
A15: =CONCATENATE($B15," ",$C15) -> SINAPI-I 394 | B15: SINAPI-I | C15: 394 | D15: ABRACADEIRA EM ACO PARA AMARRACAO DE ELETRODUTOS, TIPO D, COM 1 1/2" E PARAFUSO DE FIXACAO | E15: UN | F15: 2.89 | G15: 2.89 | I15: CR
A16: =CONCATENATE($B16," ",$C16) -> SINAPI-I 39130 | B16: SINAPI-I | C16: 39130 | D16: ABRACADEIRA EM ACO PARA AMARRACAO DE ELETRODUTOS, TIPO D, COM 1 1/4" E CUNHA DE FIXACAO | E16: UN | F16: 2.6 | G16: 2.6 | I16: CR
A17: =CONCATENATE($B17," ",$C17) -> SINAPI-I 395 | B17: SINAPI-I | C17: 395 | D17: ABRACADEIRA EM ACO PARA AMARRACAO DE ELETRODUTOS, TIPO D, COM 1 1/4" E PARAFUSO DE FIXACAO | E17: UN | F17: 2.78 | G17: 2.78 | I17: CR
A18: =CONCATENATE($B18," ",$C18) -> SINAPI-I 39129 | B18: SINAPI-I | C18: 39129 | D18: ABRACADEIRA EM ACO PARA AMARRACAO DE ELETRODUTOS, TIPO D, COM 1" E CUNHA DE FIXACAO | E18: UN | F18: 1.6 | G18: 1.6 | I18: CR
A19: =CONCATENATE($B19," ",$C19) -> SINAPI-I 393 | B19: SINAPI-I | C19: 393 | D19: ABRACADEIRA EM ACO PARA AMARRACAO DE ELETRODUTOS, TIPO D, COM 1" E PARAFUSO DE FIXACAO | E19: UN | F19: 1.68 | G19: 1.68 | I19: C
A20: =CONCATENATE($B20," ",$C20) -> SINAPI-I 39127 | B20: SINAPI-I | C20: 39127 | D20: ABRACADEIRA EM ACO PARA AMARRACAO DE ELETRODUTOS, TIPO D, COM 1/2" E CUNHA DE FIXACAO | E20: UN | F20: 1.37 | G20: 1.37 | I20: CR
... A45: =CONCATENATE($B45," ",$C45) -> SINAPI-I 12615 | B45: SINAPI-I | C45: 12615 | D45: ABRACADEIRA PVC, PARA CALHA PLUVIAL, DIAMETRO ENTRE *80 E 100* MM, PARA DRENAGEM PLUVIAL PREDIAL | E45: UN | F45: 12.85 | G45: 12.85 | I45: CR
A46: =CONCATENATE($B46," ",$C46) -> SINAPI-I 11927 | B46: SINAPI-I | C46: 11927 | D46: ABRACADEIRA, GALVANIZADA/ZINCADA, ROSCA SEM FIM, PARAFUSO INOX, LARGURA FITA *12,6 A *14 MM, D = 2" A 2 1/2" | E46: UN
A47: =CONCATENATE($B47," ",$C47) -> SINAPI-I 11928 | B47: SINAPI-I | C47: 11928 | D47: ABRACADEIRA, GALVANIZADA/ZINCADA, ROSCA SEM FIM, PARAFUSO INOX, LARGURA FITA *12,6 A *14 MM, D = 3" A 3 3/4" | E47: UN
A48: =CONCATENATE($B48," ",$C48) -> SINAPI-I 11929 | B48: SINAPI-I | C48: 11929 | D48: ABRACADEIRA, GALVANIZADA/ZINCADA, ROSCA SEM FIM, PARAFUSO INOX, LARGURA FITA *12,6 A *14 MM, D = 4" A 4 3/4" | E48: UN
A49: =CONCATENATE($B49," ",$C49) -> SINAPI-I 36801 | B49: SINAPI-I | C49: 36801 | D49: ACABAMENTO DE METAL CROMADO PARA REGISTRO PEQUENO, DE PAREDE, 1/2" OU 3/4" | E49: UN | F49: 41.36 | G49: 41.36 | I49: CR
A50: =CONCATENATE($B50," ",$C50) -> SINAPI-I 36246 | B50: SINAPI-I | C50: 36246 | D50: ACABAMENTO SIMPLES/CONVENCIONAL PARA FORRO PVC, TIPO "U" OU "C", COR BRANCA, COMPRIMENTO 6 M | E50: M | F50: 3.27 | G50: 3.27 | I50: CR
A51: =CONCATENATE($B51," ",$C51) -> SINAPI-I 37600 | B51: SINAPI-I | C51: 37600 | D51: ACESSORIO DE LIGACAO NAO ELETRICO PARA CARGAS EXPLOSIVAS, TUBO DE 6 M | E51: UN
A52: =CONCATENATE($B52," ",$C52) -> SINAPI-I 37599 | B52: SINAPI-I | C52: 37599 | D52: ACESSORIO INICIADOR NAO ELETRICO, TUBO DE 6 M, TEMPO DE RETARDO DE *160* MS | E52: UN
A53: =CONCATENATE($B53," ",$C53) -> SINAPI-I 1 | B53: SINAPI-I | C53: 1 | D53: ACETILENO - RECARGA DE GAS PARA CILINDRO (NAO INCLUI TROCA/MANUTENCAO DO CILINDRO) | E53: KG | F53: 73.33 | G53: 73.33 | I53: C
A54: =CONCATENATE($B54," ",$C54) -> SINAPI-I 3 | B54: SINAPI-I | C54: 3 | D54: ACIDO CLORIDRICO / ACIDO MURIATICO, DILUICAO 10% A 12% PARA USO EM LIMPEZA | E54: L | F54: 15.91 | G54: 15.91 | I54: CR
A55: =CONCATENATE($B55," ",$C55) -> SINAPI-I 43054 | B55: SINAPI-I | C55: 43054 | D55: ACO CA-25, 10,0 MM, OU 12,5 MM, OU 16,0 MM, OU 20,0 MM, OU 25,0 MM, VERGALHAO | E55: KG | F55: 8.37 | G55: 8.37 | I55: CR
A56: =CONCATENATE($B56," ",$C56) -> SINAPI-I 42402 | B56: SINAPI-I | C56: 42402 | D56: ACO CA-25, 16,0 MM, BARRA DE TRANSFERENCIA | E56: KG | F56: 8 | G56: 8 | I56: CR
A57: =CONCATENATE($B57," ",$C57) -> SINAPI-I 42403 | B57: SINAPI-I | C57: 42403 | D57: ACO CA-25, 20,0 MM, BARRA DE TRANSFERENCIA | E57: KG | F57: 10.26 | G57: 10.26 | I57: CR
A58: =CONCATENATE($B58," ",$C58) -> SINAPI-I 42404 | B58: SINAPI-I | C58: 42404 | D58: ACO CA-25, 25,0 MM, BARRA DE TRANSFERENCIA | E58: KG | F58: 10.21 | G58: 10.21 | I58: CR
A59: =CONCATENATE($B59," ",$C59) -> SINAPI-I 42405 | B59: SINAPI-I | C59: 42405 | D59: ACO CA-25, 32,0 MM, BARRA DE TRANSFERENCIA | E59: KG | F59: 10.87 | G59: 10.87 | I59: CR
A60: =CONCATENATE($B60," ",$C60) -> SINAPI-I 34341 | B60: SINAPI-I | C60: 34341 | D60: ACO CA-25, 32,0 MM, VERGALHAO | E60: KG | F60: 9.44 | G60: 9.44 | I60: CR
A61: =CONCATENATE($B61," ",$C61) -> SINAPI-I 43053 | B61: SINAPI-I | C61: 43053 | D61: ACO CA-25, 6,3 MM OU 8,0 MM, VERGALHAO | E61: KG | F61: 7.48 | G61: 7.48 | I61: CR
A62: =CONCATENATE($B62," ",$C62) -> SINAPI-I 43058 | B62: SINAPI-I | C62: 43058 | D62: ACO CA-50, 10,0 MM, OU 12,5 MM, OU 16,0 MM, OU 20,0 MM, DOBRADO E CORTADO | E62: KG | F62: 7.75 | G62: 7.75 | I62: CR
A63: =CONCATENATE($B63," ",$C63) -> SINAPI-I 34 | B63: SINAPI-I | C63: 34 | D63: ACO CA-50, 10,0 MM, VERGALHAO | E63: KG | F63: 7.79 | G63: 7.79 | I63: CR
A64: =CONCATENATE($B64," ",$C64) -> SINAPI-I 43055 | B64: SINAPI-I | C64: 43055 | D64: ACO CA-50, 12,5 MM OU 16,0 MM, VERGALHAO | E64: KG | F64: 6.75 | G64: 6.75 | I64: C
... A73: =CONCATENATE($B73," ",$C73) -> SINAPI-I 43060 | B73: SINAPI-I | C73: 43060 | D73: ACO CA-60, 8,0 MM OU 9,5 MM, VERGALHAO | E73: KG | F73: 6.42 | G73: 6.42 | I73: CR
A74: =CONCATENATE($B74," ",$C74) -> SINAPI-I 40410 | B74: SINAPI-I | C74: 40410 | D74: ACOPLAMENTO RIGIDO EM FERRO FUNDIDO PARA SISTEMA DE TUBULACAO RANHURADA, DN 50 MM (2") | E74: UN
A75: =CONCATENATE($B75," ",$C75) -> SINAPI-I 40411 | B75: SINAPI-I | C75: 40411 | D75: ACOPLAMENTO RIGIDO EM FERRO FUNDIDO PARA SISTEMA DE TUBULACAO RANHURADA, DN 65 MM (2 1/2") | E75: UN
A76: =CONCATENATE($B76," ",$C76) -> SINAPI-I 40412 | B76: SINAPI-I | C76: 40412 | D76: ACOPLAMENTO RIGIDO EM FERRO FUNDIDO PARA SISTEMA DE TUBULACAO RANHURADA, DN 80 MM (3") | E76: UN
A77: =CONCATENATE($B77," ",$C77) -> SINAPI-I 44254 | B77: SINAPI-I | C77: 44254 | D77: ADAPTADOR CPVC, ROSCAVEL, COM FLANGES E ANEL DE VEDACAO, 15 MM, CAIXA D'AGUA PARA AGUA QUENTE | E77: UN | F77: 27.43 | G77: 27.43 | I77: CR
A78: =CONCATENATE($B78," ",$C78) -> SINAPI-I 44255 | B78: SINAPI-I | C78: 44255 | D78: ADAPTADOR CPVC, ROSCAVEL, COM FLANGES E ANEL DE VEDACAO, 22 MM, CAIXA D'AGUA PARA AGUA QUENTE | E78: UN | F78: 30.4 | G78: 30.4 | I78: CR
A79: =CONCATENATE($B79," ",$C79) -> SINAPI-I 44256 | B79: SINAPI-I | C79: 44256 | D79: ADAPTADOR CPVC, ROSCAVEL, COM FLANGES E ANEL DE VEDACAO, 28 MM, CAIXA D'AGUA PARA AGUA QUENTE | E79: UN | F79: 34.34 | G79: 34.34 | I79: CR
A80: =CONCATENATE($B80," ",$C80) -> SINAPI-I 44257 | B80: SINAPI-I | C80: 44257 | D80: ADAPTADOR CPVC, ROSCAVEL, COM FLANGES E ANEL DE VEDACAO, 35 MM, CAIXA D'AGUA PARA AGUA QUENTE | E80: UN | F80: 54.32 | G80: 54.32 | I80: CR
A81: =CONCATENATE($B81," ",$C81) -> SINAPI-I 44258 | B81: SINAPI-I | C81: 44258 | D81: ADAPTADOR CPVC, ROSCAVEL, COM FLANGES E ANEL DE VEDACAO, 42 MM, CAIXA D'AGUA PARA AGUA QUENTE | E81: UN | F81: 62.08 | G81: 62.08 | I81: CR
A82: =CONCATENATE($B82," ",$C82) -> SINAPI-I 44259 | B82: SINAPI-I | C82: 44259 | D82: ADAPTADOR CPVC, ROSCAVEL, COM FLANGES E ANEL DE VEDACAO, 54 MM, CAIXA D'AGUA PARA AGUA QUENTE | E82: UN | F82: 85.22 | G82: 85.22 | I82: CR
A83: =CONCATENATE($B83," ",$C83) -> SINAPI-I 37997 | B83: SINAPI-I | C83: 37997 | D83: ADAPTADOR CPVC, SOLDAVEL, 15 MM, PARA AGUA QUENTE | E83: UN | F83: 16.34 | G83: 16.34 | I83: CR
A84: =CONCATENATE($B84," ",$C84) -> SINAPI-I 37998 | B84: SINAPI-I | C84: 37998 | D84: ADAPTADOR CPVC, SOLDAVEL, 22 MM, PARA AGUA QUENTE | E84: UN | F84: 21.87 | G84: 21.87 | I84: CR
A85: =CONCATENATE($B85," ",$C85) -> SINAPI-I 55 | B85: SINAPI-I | C85: 55 | D85: ADAPTADOR DE COMPRESSAO EM POLIPROPILENO (PP), PARA TUBO EM PEAD, 20 MM X 1/2", PARA LIGACAO PREDIAL DE AGUA (NTS 179) | E85: UN
A86: =CONCATENATE($B86," ",$C86) -> SINAPI-I 61 | B86: SINAPI-I | C86: 61 | D86: ADAPTADOR DE COMPRESSAO EM POLIPROPILENO (PP), PARA TUBO EM PEAD, 20 MM X 3/4", PARA LIGACAO PREDIAL DE AGUA (NTS 179) | E86: UN
A87: =CONCATENATE($B87," ",$C87) -> SINAPI-I 62 | B87: SINAPI-I | C87: 62 | D87: ADAPTADOR DE COMPRESSAO EM POLIPROPILENO (PP), PARA TUBO EM PEAD, 32 MM X 1", PARA LIGACAO PREDIAL DE AGUA (NTS 179) | E87: UN
A88: =CONCATENATE($B88," ",$C88) -> SINAPI-I 10899 | B88: SINAPI-I | C88: 10899 | D88: ADAPTADOR EM LATAO, ENGATE RAPIDO 2 1/2" X ROSCA INTERNA 5 FIOS 2 1/2", PARA INSTALACAO PREDIAL DE COMBATE A INCENDIO | E88: UN
A89: =CONCATENATE($B89," ",$C89) -> SINAPI-I 10900 | B89: SINAPI-I | C89: 10900 | D89: ADAPTADOR EM LATAO, ENGATE RAPIDO1 1/2" X ROSCA INTERNA 5 FIOS 2 1/2", PARA INSTALACAO PREDIAL DE COMBATE A INCENDIO | E89: UN
A90: =CONCATENATE($B90," ",$C90) -> SINAPI-I 47 | B90: SINAPI-I | C90: 47 | D90: ADAPTADOR PVC PBA, BOLSA/ROSCA, JE, DN 100 / DE 110 MM | E90: UN
A91: =CONCATENATE($B91," ",$C91) -> SINAPI-I 48 | B91: SINAPI-I | C91: 48 | D91: ADAPTADOR PVC PBA, BOLSA/ROSCA, JE, DN 50 / DE 60 MM | E91: UN
A92: =CONCATENATE($B92," ",$C92) -> SINAPI-I 46 | B92: SINAPI-I | C92: 46 | D92: ADAPTADOR PVC PBA, BOLSA/ROSCA, JE, DN 75 / DE 85 MM | E92: UN
A93: =CONCATENATE($B93," ",$C93) -> SINAPI-I 52 | B93: SINAPI-I | C93: 52 | D93: ADAPTADOR PVC PBA, PONTA/ROSCA, JE, DN 50 / DE 60 MM | E93: UN
A94: =CONCATENATE($B94," ",$C94) -> SINAPI-I 43 | B94: SINAPI-I | C94: 43 | D94: ADAPTADOR PVC PBA, PONTA/ROSCA, JE, DN 75 / DE 85 MM | E94: UN
A95: =CONCATENATE($B95," ",$C95) -> SINAPI-I 103 | B95: SINAPI-I | C95: 103 | D95: ADAPTADOR PVC SOLDAVEL CURTO COM BOLSA E ROSCA, 110 MM X 4", PARA AGUA FRIA | E95: UN | F95: 44.58 | G95: 44.58 | I95: CR
A96: =CONCATENATE($B96," ",$C96) -> SINAPI-I 107 | B96: SINAPI-I | C96: 107 | D96: ADAPTADOR PVC SOLDAVEL CURTO COM BOLSA E ROSCA, 20 MM X 1/2", PARA AGUA FRIA | E96: UN | F96: 0.84 | G96: 0.84 | I96: CR
A97: =CONCATENATE($B97," ",$C97) -> SINAPI-I 65 | B97: SINAPI-I | C97: 65 | D97: ADAPTADOR PVC SOLDAVEL CURTO COM BOLSA E ROSCA, 25 MM X 3/4", PARA AGUA FRIA | E97: UN | F97: 0.92 | G97: 0.92 | I97: CR
A98: =CONCATENATE($B98," ",$C98) -> SINAPI-I 108 | B98: SINAPI-I | C98: 108 | D98: ADAPTADOR PVC SOLDAVEL CURTO COM BOLSA E ROSCA, 32 MM X 1", PARA AGUA FRIA | E98: UN | F98: 1.85 | G98: 1.85 | I98: CR
A99: =CONCATENATE($B99," ",$C99) -> SINAPI-I 110 | B99: SINAPI-I | C99: 110 | D99: ADAPTADOR PVC SOLDAVEL CURTO COM BOLSA E ROSCA, 40 MM X 1 1/2", PARA AGUA FRIA | E99: UN | F99: 6.41 | G99: 6.41 | I99: CR
A100: =CONCATENATE($B100," ",$C100) -> SINAPI-I 109 | B100: SINAPI-I | C100: 109 | D100: ADAPTADOR PVC SOLDAVEL CURTO COM BOLSA E ROSCA, 40 MM X 1 1/4", PARA AGUA FRIA | E100: UN | F100: 3.82 | G100: 3.82 | I100: CR
A101: =CONCATENATE($B101," ",$C101) -> SINAPI-I 111 | B101: SINAPI-I | C101: 111 | D101: ADAPTADOR PVC SOLDAVEL CURTO COM BOLSA E ROSCA, 50 MM X 1 1/4", PARA AGUA FRIA | E101: UN | F101: 8.68 | G101: 8.68 | I101: CR
A102: =CONCATENATE($B102," ",$C102) -> SINAPI-I 112 | B102: SINAPI-I | C102: 112 | D102: ADAPTADOR PVC SOLDAVEL CURTO COM BOLSA E ROSCA, 50 MM X1 1/2", PARA AGUA FRIA | E102: UN | F102: 4.6 | G102: 4.6 | I102: CR
A103: =CONCATENATE($B103," ",$C103) -> SINAPI-I 113 | B103: SINAPI-I | C103: 113 | D103: ADAPTADOR PVC SOLDAVEL CURTO COM BOLSA E ROSCA, 60 MM X 2", PARA AGUA FRIA | E103: UN | F103: 11.51 | G103: 11.51 | I103: CR
A104: =CONCATENATE($B104," ",$C104) -> SINAPI-I 104 | B104: SINAPI-I | C104: 104 | D104: ADAPTADOR PVC SOLDAVEL CURTO COM BOLSA E ROSCA, 75 MM X 2 1/2", PARA AGUA FRIA | E104: UN | F104: 20.03 | G104: 20.03 | I104: CR
A105: =CONCATENATE($B105," ",$C105) -> SINAPI-I 102 | B105: SINAPI-I | C105: 102 | D105: ADAPTADOR PVC SOLDAVEL CURTO COM BOLSA E ROSCA, 85 MM X 3", PARA AGUA FRIA | E105: UN | F105: 27.62 | G105: 27.62 | I105: CR
A106: =CONCATENATE($B106," ",$C106) -> SINAPI-I 95 | B106: SINAPI-I | C106: 95 | D106: ADAPTADOR PVC SOLDAVEL, COM FLANGE E ANEL DE VEDACAO, 20 MM X 1/2", PARA CAIXA D'AGUA | E106: UN | F106: 11.67 | G106: 11.67 | I106: CR
... A110: =CONCATENATE($B110," ",$C110) -> SINAPI-I 99 | B110: SINAPI-I | C110: 99 | D110: ADAPTADOR PVC SOLDAVEL, COM FLANGE E ANEL DE VEDACAO, 50 MM X 1 1/2", PARA CAIXA D'AGUA | E110: UN | F110: 27.02 | G110: 27.02 | I110: CR
A111: =CONCATENATE($B111," ",$C111) -> SINAPI-I 60 | B111: SINAPI-I | C111: 60 | D111: ADAPTADOR PVC, COM REGISTRO, PARA PEAD, 20 MM X 3/4", PARA LIGACAO PREDIAL DE AGUA | E111: UN
A112: =CONCATENATE($B112," ",$C112) -> SINAPI-I 72 | B112: SINAPI-I | C112: 72 | D112: ADAPTADOR PVC, ROSCAVEL, COM FLANGES E ANEL DE VEDACAO, 1 1/2", PARA CAIXA D'AGUA | E112: UN | F112: 51.83 | G112: 51.83 | I112: CR
A113: =CONCATENATE($B113," ",$C113) -> SINAPI-I 71 | B113: SINAPI-I | C113: 71 | D113: ADAPTADOR PVC, ROSCAVEL, COM FLANGES E ANEL DE VEDACAO, 1", PARA CAIXA D'AGUA | E113: UN | F113: 32.01 | G113: 32.01 | I113: CR
A114: =CONCATENATE($B114," ",$C114) -> SINAPI-I 67 | B114: SINAPI-I | C114: 67 | D114: ADAPTADOR PVC, ROSCAVEL, COM FLANGES E ANEL DE VEDACAO, 1/2", PARA CAIXA D'AGUA | E114: UN | F114: 16.76 | G114: 16.76 | I114: CR
A115: =CONCATENATE($B115," ",$C115) -> SINAPI-I 73 | B115: SINAPI-I | C115: 73 | D115: ADAPTADOR PVC, ROSCAVEL, COM FLANGES E ANEL DE VEDACAO, 3/4", PARA CAIXA D'AGUA | E115: UN | F115: 16.04 | G115: 16.04 | I115: CR
A116: =CONCATENATE($B116," ",$C116) -> SINAPI-I 100 | B116: SINAPI-I | C116: 100 | D116: ADAPTADOR PVC, SOLDAVEL, COM FLANGES E ANEL DE VEDACAO, 60 MM X 2", PARA CAIXA D'AGUA | E116: UN | F116: 47.22 | G116: 47.22 | I116: CR
A117: =CONCATENATE($B117," ",$C117) -> SINAPI-I 75 | B117: SINAPI-I | C117: 75 | D117: ADAPTADOR PVC, SOLDAVEL, COM FLANGES LIVRES, 110 MM X 4", PARA CAIXA D'AGUA | E117: UN | F117: 275.29 | G117: 275.29 | I117: CR
A118: =CONCATENATE($B118," ",$C118) -> SINAPI-I 83 | B118: SINAPI-I | C118: 83 | D118: ADAPTADOR PVC, SOLDAVEL, COM FLANGES LIVRES, 75 MM X 2 1/2", PARA CAIXA D'AGUA | E118: UN | F118: 220.09 | G118: 220.09 | I118: CR
A119: =CONCATENATE($B119," ",$C119) -> SINAPI-I 74 | B119: SINAPI-I | C119: 74 | D119: ADAPTADOR PVC, SOLDAVEL, COM FLANGES LIVRES, 85 MM X 3", PARA CAIXA D'AGUA | E119: UN | F119: 314.66 | G119: 314.66 | I119: CR
A120: =CONCATENATE($B120," ",$C120) -> SINAPI-I 106 | B120: SINAPI-I | C120: 106 | D120: ADAPTADOR PVC, SOLDAVEL, LONGO, COM FLANGE LIVRE, 110 MM X 4", PARA CAIXA D'AGUA | E120: UN | F120: 397.9 | G120: 397.9 | I120: CR
A121: =CONCATENATE($B121," ",$C121) -> SINAPI-I 88 | B121: SINAPI-I | C121: 88 | D121: ADAPTADOR PVC, SOLDAVEL, LONGO, COM FLANGE LIVRE, 32 MM X 1", PARA CAIXA D'AGUA | E121: UN | F121: 11.18 | G121: 11.18 | I121: CR
A122: =CONCATENATE($B122," ",$C122) -> SINAPI-I 82 | B122: SINAPI-I | C122: 82 | D122: ADAPTADOR PVC, SOLDAVEL, LONGO, COM FLANGE LIVRE, 75 MM X 2 1/2", PARA CAIXA D'AGUA | E122: UN | F122: 209.39 | G122: 209.39 | I122: CR
A123: =CONCATENATE($B123," ",$C123) -> SINAPI-I 105 | B123: SINAPI-I | C123: 105 | D123: ADAPTADOR PVC, SOLDAVEL, LONGO, COM FLANGE LIVRE, 85 MM X 3", PARA CAIXA D'AGUA | E123: UN | F123: 296.71 | G123: 296.71 | I123: CR
... A142: =CONCATENATE($B142," ",$C142) -> SINAPI-I 43618 | B142: SINAPI-I | C142: 43618 | D142: ADITIVO SUPERPLASTIFICANTE DE PEGA NORMAL PARA CONCRETO, LIQUIDO E ISENTO DE CLORETOS | E142: KG | F142: 18.84 | G142: 18.84 | I142: CR
A143: =CONCATENATE($B143," ",$C143) -> SINAPI-I 37476 | B143: SINAPI-I | C143: 37476 | D143: ADUELA/ GALERIA PRE-MOLDADA DE CONCRETO ARMADO, SECAO QUADRADA INTERNA DE 1,50 X 1,50 M (L X A), MISULA DE 20 X 20 CM, C = 1,00 M, ESPESSURA MIN = 15 CM, TB-45 E FCK DO CONCRETO = 30 MPA | E143: UN
A144: =CONCATENATE($B144," ",$C144) -> SINAPI-I 37478 | B144: SINAPI-I | C144: 37478 | D144: ADUELA/ GALERIA PRE-MOLDADA DE CONCRETO ARMADO, SECAO RETANGULAR INTERNA DE 2,00 X 2,00 M (L X A), MISULA DE 20 X 20 CM, C = 1,00 M, ESPESSURA MIN = 15 CM, TB-45 E FCK DO CONCRETO = 30 MPA | E144: UN
A145: =CONCATENATE($B145," ",$C145) -> SINAPI-I 37477 | B145: SINAPI-I | C145: 37477 | D145: ADUELA/ GALERIA PRE-MOLDADA DE CONCRETO ARMADO, SECAO RETANGULAR INTERNA DE 2,50 X 2,50 M (L X A), MISULA DE 20 X 20 CM, C = 1,00 M, ESPESSURA MIN = 15 CM, TB-45 E FCK DO CONCRETO = 30 MPA | E145: UN
A146: =CONCATENATE($B146," ",$C146) -> SINAPI-I 37479 | B146: SINAPI-I | C146: 37479 | D146: ADUELA/ GALERIA PRE-MOLDADA DE CONCRETO ARMADO, SECAO RETANGULAR INTERNA DE 3,00 X 3,00 M (L X A), MISULA DE 20 X 20 CM, C = 1.00 M, ESPESSURA MIN = 20 CM, TB-45 E FCK DO CONCRETO = 30 MPA | E146: UN
A147: =CONCATENATE($B147," ",$C147) -> SINAPI-I 4319 | B147: SINAPI-I | C147: 4319 | D147: AFASTADOR PARA TELHA DE FIBROCIMENTO CANALETE 90 OU KALHETAO | E147: UN | F147: 1.54 | G147: 1.54 | I147: CR
A148: =CONCATENATE($B148," ",$C148) -> SINAPI-I 42409 | B148: SINAPI-I | C148: 42409 | D148: AGENTE DE CURA, PROTETOR DA EVAPORACAO DA AGUA DE HIDRATACAO DO CONCRETO | E148: KG | F148: 11.86 | G148: 11.86 | I148: CR
A149: =CONCATENATE($B149," ",$C149) -> SINAPI-I 40553 | B149: SINAPI-I | C149: 40553 | D149: AGREGADO RECICLADO, TIPO RACHAO RECICLADO CINZA, CLASSE A | E149: M3
A150: =CONCATENATE($B150," ",$C150) -> SINAPI-I 6114 | B150: SINAPI-I | C150: 6114 | D150: AJUDANTE DE ARMADOR (HORISTA) | E150: H | F150: 13.52 | G150: 15.03 | I150: CR
A151: =CONCATENATE($B151," ",$C151) -> SINAPI-I 40912 | B151: SINAPI-I | C151: 40912 | D151: AJUDANTE DE ARMADOR (MENSALISTA) | E151: MES | F151: 2382.39 | G151: 2650.07 | I151: CR
A152: =CONCATENATE($B152," ",$C152) -> SINAPI-I 247 | B152: SINAPI-I | C152: 247 | D152: AJUDANTE DE ELETRICISTA (HORISTA) | E152: H | F152: 13.52 | G152: 15.03 | I152: CR
A153: =CONCATENATE($B153," ",$C153) -> SINAPI-I 40919 | B153: SINAPI-I | C153: 40919 | D153: AJUDANTE DE ELETRICISTA (MENSALISTA) | E153: MES | F153: 2382.39 | G153: 2650.07 | I153: CR
A154: =CONCATENATE($B154," ",$C154) -> SINAPI-I 44499 | B154: SINAPI-I | C154: 44499 | D154: AJUDANTE DE ESTRUTURAS METALICAS (HORISTA) | E154: H | F154: 13.52 | G154: 15.03 | I154: CR
...

Sheet RESUMO
A2: Contratante: | B2: Fundo Municipal de Eucação de Bela Vista de Goiás | C2: B.D.I.
A3: Obra: | B3: Reforma – CMEI Dona Baltira de Moraes e Souza | C3: 0.25
A4: Endereço: | B4: Rua JA01, quadra 01, lote APM 1, Jardim Alphaville, Bela Vista de Goiás
A5: Orçamento Sintético
A6: Item | B6: Descrição | C6: Total
A7: 1 | B7: Mobilização do canteiro e instalação provisória | C7: =ORÇAMENTO!I9 -> 49200.7
A8: 2 | B8: Demolição, limpeza e raspagem de solo | C8: =ORÇAMENTO!I16 -> 2812.54
A9: 3 | B9: Aterro e compactação | C9: =ORÇAMENTO!I21 -> 25442.69
A10: 4 | B10: Escavação(sapatas, blocos, estacas) | C10: =ORÇAMENTO!I23 -> 3755.36
A11: 5 | B11: Fundação, Baldrames, pilares e vigas | C11: =ORÇAMENTO!I32 -> 189516.6
A12: 6 | B12: Laje e impermeabilização | C12: =ORÇAMENTO!I68 -> 60238.41
A13: 7 | B13: Montagem da cobertura (madeira, telha, calha) | C13: =ORÇAMENTO!I76 -> 46508.39
A14: 8 | B14: Execução das paredes de alvenaria | C14: =ORÇAMENTO!I84 -> 197882.82
A15: 9 | B15: Instalações hidrossanitárias e elétricas | C15: =ORÇAMENTO!I92 -> 55011.02
A16: 10 | B16: Revestimentos internos/externos (cerâmica/piso) | C16: =ORÇAMENTO!I173 -> 50116.21
A17: 11 | B17: Esquadrias e ferragens | C17: =ORÇAMENTO!I177 -> 10193.05
A18: 12 | B18: Pintura | C18: =ORÇAMENTO!I181 -> 72969.34
A19: 13 | B19: Limpeza geral | C19: =ORÇAMENTO!I196 -> 1483.15
A20: 14 | B20: Administração de Obra | C20: =ORÇAMENTO!I199 -> 33879.2
B23: Total sem BDI | C23: =ORÇAMENTO!I204 -> 639207.58
B24: Total do BDI | C24: =ORÇAMENTO!I205 -> 159801.9
B25: Total Geral | C25: =ORÇAMENTO!I206 -> 799009.48
A34: REYDDNER ANDREI NUNES SILVA
A35: ENGENHEIRO CIVIL
A36: CREA 1014662982D-GO

Sheet ORÇAMENTO
C2: Contratante: | D2: Fundo Municipal de Eucação de Bela Vista de Goiás
C3: Obra: | D3: Reforma – CMEI Dona Baltira de Moraes e Souza | E3: Bancos | G3: B.D.I. | I3: Encargos Sociais
C4: Endereço: | D4: Rua JA01, quadra 01, lote APM 1, Jardim Alphaville, Bela Vista de Goiás | E4: SINAPI - 04/2025 - Goiás | G4: ='BDI ONERADO'!E54 -> 0.25 | I4: SEM DESONERAÇÃO
A6: Orçamento Sintético
A8: Item | B8: Código | C8: Banco | D8: Descrição | E8: Und | F8: Quant. | G8: Valor Unit | H8: Valor Unit com BDI | I8: Total | J8: %
A9: 1 | D9: Mobilização do canteiro e instalação provisória | I9: =SUM(I10:I15) -> 49200.7 | J9: =I9/$I$206 -> 0.061577117
A10: 1.1 | B10: 103689 | C10: SINAPI | D10: =INDEX(Banco!$D$7:$D$15550,MATCH(ORÇAMENTO!$B10,Banco!$C$7:$C$15550,0)) -> FORNECIMENTO E INSTALAÇÃO DE PLACA DE OBRA COM CHAPA GALVANIZADA E ESTRUTURA DE MADEIRA. AF_03/2022_PS | E10: =INDEX(Banco!$E$7:$E$15550,MATCH(ORÇAMENTO!$B10,Banco!$C$7:$C$15550,0)) -> M2 | F10: 4.5 | G10: =INDEX(Banco!$G$7:$G$15550,MATCH(ORÇAMENTO!$B10,Banco!$C$7:$C$15550,0)) -> 465.01 | H10: =TRUNC(G10*(1+$G$4),2) -> 581.26 | I10: =TRUNC(H10*F10,2) -> 2615.67 | J10: =I10/$I$206 -> 0.0032736408
A11: 1.1 | B11: 105009 | C11: SINAPI | D11: =INDEX(Banco!$D$7:$D$15550,MATCH(ORÇAMENTO!$B11,Banco!$C$7:$C$15550,0)) -> LOCAÇÃO CONVENCIONAL DE OBRA, UTILIZANDO GABARITO DE TÁBUAS CORRIDAS PONTALETADAS A CADA 1,50M - 2 UTILIZAÇÕES. AF_03/2024 | E11: =INDEX(Banco!$E$7:$E$15550,MATCH(ORÇAMENTO!$B11,Banco!$C$7:$C$15550,0)) -> M | F11: 22.19 | G11: =INDEX(Banco!$G$7:$G$15550,MATCH(ORÇAMENTO!$B11,Banco!$C$7:$C$15550,0)) -> 77.44 | H11: =TRUNC(G11*(1+$G$4),2) -> 96.8 | I11: =TRUNC(H11*F11,2) -> 2147.99 | J11: =I11/$I$206 -> 0.002688316
A12: 1.3 | B12: 10775 | C12: SINAPI | D12: =INDEX(Banco!$D$7:$D$15550,MATCH(ORÇAMENTO!$B12,Banco!$C$7:$C$15550,0)) -> LOCACAO DE CONTAINER 2,30 X 6,00 M, ALT. 2,50 M, COM 1 SANITARIO, PARA ESCRITORIO, COMPLETO, SEM DIVISORIAS INTERNAS (NAO INCLUI MOBILIZACAO/DESMOBILIZACAO) | E12: =INDEX(Banco!$E$7:$E$15550,MATCH(ORÇAMENTO!$B12,Banco!$C$7:$C$15550,0)) -> MES | F12: 6 | G12: =INDEX(Banco!$G$7:$G$15550,MATCH(ORÇAMENTO!$B12,Banco!$C$7:$C$15550,0)) -> 823 | H12: =TRUNC(G12*(1+$G$4),2) -> 1028.75 | I12: =TRUNC(H12*F12,2) -> 6172.5 | J12: =I12/$I$206 -> 0.0077251899
A13: 1.4 | B13: 10777 | C13: SINAPI | D13: =INDEX(Banco!$D$7:$D$15550,MATCH(ORÇAMENTO!$B13,Banco!$C$7:$C$15550,0)) -> LOCACAO DE CONTAINER 2,30 X 4,30 M, ALT. 2,50 M, PARA SANITARIO, COM 3 BACIAS, 4 CHUVEIROS, 1 LAVATORIO E 1 MICTORIO (NAO INCLUI MOBILIZACAO/DESMOBILIZACAO) | E13: =INDEX(Banco!$E$7:$E$15550,MATCH(ORÇAMENTO!$B13,Banco!$C$7:$C$15550,0)) -> MES | F13: 6 | G13: =INDEX(Banco!$G$7:$G$15550,MATCH(ORÇAMENTO!$B13,Banco!$C$7:$C$15550,0)) -> 934.44 | H13: =TRUNC(G13*(1+$G$4),2) -> 1168.05 | I13: =TRUNC(H13*F13,2) -> 7008.3 | J13: =I13/$I$206 -> 0.0087712351
A14: 1.5 | B14: 10776 | C14: SINAPI | D14: =INDEX(Banco!$D$7:$D$15550,MATCH(ORÇAMENTO!$B14,Banco!$C$7:$C$15550,0)) -> LOCACAO DE CONTAINER 2,30 X 6,00 M, ALT. 2,50 M, PARA ESCRITORIO, SEM DIVISORIAS INTERNAS E SEM SANITARIO (NAO INCLUI MOBILIZACAO/DESMOBILIZACAO) | E14: =INDEX(Banco!$E$7:$E$15550,MATCH(ORÇAMENTO!$B14,Banco!$C$7:$C$15550,0)) -> MES | F14: 6 | G14: =INDEX(Banco!$G$7:$G$15550,MATCH(ORÇAMENTO!$B14,Banco!$C$7:$C$15550,0)) -> 642.96 | H14: =TRUNC(G14*(1+$G$4),2) -> 803.7 | I14: =TRUNC(H14*F14,2) -> 4822.2 | J14: =I14/$I$206 -> 0.0060352225
A15: 1.6 | B15: 98459 | C15: SINAPI | D15: =INDEX(Banco!$D$7:$D$15550,MATCH(ORÇAMENTO!$B15,Banco!$C$7:$C$15550,0)) -> TAPUME COM TELHA METÁLICA. AF_03/2024 | E15: =INDEX(Banco!$E$7:$E$15550,MATCH(ORÇAMENTO!$B15,Banco!$C$7:$C$15550,0)) -> M2 | F15: 166.85 | G15: =INDEX(Banco!$G$7:$G$15550,MATCH(ORÇAMENTO!$B15,Banco!$C$7:$C$15550,0)) -> 126.75 | H15: =TRUNC(G15*(1+$G$4),2) -> 158.43 | I15: =TRUNC(H15*F15,2) -> 26434.04 | J15: =I15/$I$206 -> 0.033083512
A16: 2 | D16: Demolição, limpeza e raspagem de solo | I16: =SUM(I17:I20) -> 2812.54 | J16: =I16/$I$206 -> 0.0035200333
A17: 2.1 | B17: 97625 | C17: SINAPI | D17: =INDEX(Banco!$D$7:$D$15550,MATCH(ORÇAMENTO!$B17,Banco!$C$7:$C$15550,0)) -> DEMOLIÇÃO DE ALVENARIA PARA QUALQUER TIPO DE BLOCO, DE FORMA MECANIZADA, SEM REAPROVEITAMENTO. AF_09/2023 | E17: =INDEX(Banco!$E$7:$E$15550,MATCH(ORÇAMENTO!$B17,Banco!$C$7:$C$15550,0)) -> M3 | F17: 14.51 | G17: =INDEX(Banco!$G$7:$G$15550,MATCH(ORÇAMENTO!$B17,Banco!$C$7:$C$15550,0)) -> 48.43 | H17: =TRUNC(G17*(1+$G$4),2) -> 60.53 | I17: =TRUNC(H17*F17,2) -> 878.29 | J17: =I17/$I$206 -> 0.0010992235
A18: 2.2 | B18: 100981 | C18: SINAPI | D18: =INDEX(Banco!$D$7:$D$15550,MATCH(ORÇAMENTO!$B18,Banco!$C$7:$C$15550,0)) -> CARGA, MANOBRA E DESCARGA DE ENTULHO EM CAMINHÃO BASCULANTE 6 M³ - CARGA COM ESCAVADEIRA HIDRÁULICA (CAÇAMBA DE 0,80 M³ / 111 HP) E DESCARGA LIVRE (UNIDADE: M3). AF_07/2020 | E18: =INDEX(Banco!$E$7:$E$15550,MATCH(ORÇAMENTO!$B18,Banco!$C$7:$C$15550,0)) -> M3 | F18: 22.49 | G18: =INDEX(Banco!$G$7:$G$15550,MATCH(ORÇAMENTO!$B18,Banco!$C$7:$C$15550,0)) -> 9.9 | H18: =TRUNC(G18*(1+$G$4),2) -> 12.37 | I18: =TRUNC(H18*F18,2) -> 278.2 | J18: =I18/$I$206 -> 0.0003481811
A19: 2.4 | B19: 98519 | C19: SINAPI | D19: =INDEX(Banco!$D$7:$D$15550,MATCH(ORÇAMENTO!$B19,Banco!$C$7:$C$15550,0)) -> REVOLVIMENTO E LIMPEZA MANUAL DE SOLO. AF_07/2024 | E19: =INDEX(Banco!$E$7:$E$15550,MATCH(ORÇAMENTO!$B19,Banco!$C$7:$C$15550,0)) -> M2 | F19: 301.65 | G19: =INDEX(Banco!$G$7:$G$15550,MATCH(ORÇAMENTO!$B19,Banco!$C$7:$C$15550,0)) -> 3.93 | H19: =TRUNC(G19*(1+$G$4),2) -> 4.91 | I19: =TRUNC(H19*F19,2) -> 1481.1 | J19: =I19/$I$206 -> 0.0018536701
A20: 2.5 | B20: 100577 | C20: SINAPI | D20: =INDEX(Banco!$D$7:$D$15550,MATCH(ORÇAMENTO!$B20,Banco!$C$7:$C$15550,0)) -> REGULARIZAÇÃO E COMPACTAÇÃO DE SUBLEITO DE SOLO PREDOMINANTEMENTE ARENOSO, PARA OBRAS DE CONSTRUÇÃO DE PAVIMENTOS. AF_09/2024 | E20: =INDEX(Banco!$E$7:$E$15550,MATCH(ORÇAMENTO!$B20,Banco!$C$7:$C$15550,0)) -> M2 | F20: 301.65 | G20: =INDEX(Banco!$G$7:$G$15550,MATCH(ORÇAMENTO!$B20,Banco!$C$7:$C$15550,0)) -> 0.47 | H20: =TRUNC(G20*(1+$G$4),2) -> 0.58 | I20: =TRUNC(H20*F20,2) -> 174.95 | J20: =I20/$I$206 -> 0.0002189586
A21: 3 | D21: Aterro e compactação | I21: =SUM(I22) -> 25442.69 | J21: =I21/$I$206 -> 0.031842789
A22: 3.1 | B22: 94342 | C22: SINAPI | D22: =INDEX(Banco!$D$7:$D$15550,MATCH(ORÇAMENTO!$B22,Banco!$C$7:$C$15550,0)) -> ATERRO MANUAL DE VALAS COM AREIA PARA ATERRO. AF_08/2023 | E22: =INDEX(Banco!$E$7:$E$15550,MATCH(ORÇAMENTO!$B22,Banco!$C$7:$C$15550,0)) -> M3 | F22: 156.86 | G22: =INDEX(Banco!$G$7:$G$15550,MATCH(ORÇAMENTO!$B22,Banco!$C$7:$C$15550,0)) -> 129.76 | H22: =TRUNC(G22*(1+$G$4),2) -> 162.2 | I22: =TRUNC(H22*F22,2) -> 25442.69 | J22: =I22/$I$206 -> 0.031842789
A23: 4 | D23: Escavação(sapatas, blocos, estacas) | I23: =I24+I26+I28+I30 -> 3755.36 | J23: =I23/$I$206 -> 0.0047000193
A24: 4.1 | D24: Estacas | I24: =SUM(I25) -> 225.26 | J24: =I24/$I$206 -> 0.00028192406
A25: 4.1.1 | B25: 101211 | C25: SINAPI | D25: =INDEX(Banco!$D$7:$D$15550,MATCH(ORÇAMENTO!$B25,Banco!$C$7:$C$15550,0)) -> ESCAVAÇÃO VERTICAL PARA EDIFICAÇÃO, COM CARGA, DESCARGA E TRANSPORTE DE SOLO DE 1ª CATEGORIA, COM ESCAVADEIRA HIDRÁULICA (CAÇAMBA: 0,8 M³ / 111 HP), FROTA DE 4 CAMINHÕES BASCULANTES DE 14 M³, DMT DE 2 KM E VELOCIDADE MÉDIA 19 KM/H. AF_05/2020 | E25: =INDEX(Banco!$E$7:$E$15550,MATCH(ORÇAMENTO!$B25,Banco!$C$7:$C$15550,0)) -> M3 | F25: 9.054 | G25: =INDEX(Banco!$G$7:$G$15550,MATCH(ORÇAMENTO!$B25,Banco!$C$7:$C$15550,0)) -> 19.91 | H25: =TRUNC(G25*(1+$G$4),2) -> 24.88 | I25: =TRUNC(H25*F25,2) -> 225.26 | J25: =I25/$I$206 -> 0.00028192406
A26: 4.2 | D26: Sapatas | I26: =SUM(I27) -> 1627.25 | J26: =I26/$I$206 -> 0.0020365841
A27: 4.2.1 | B27: 96523 | C27: SINAPI | D27: =INDEX(Banco!$D$7:$D$15550,MATCH(ORÇAMENTO!$B27,Banco!$C$7:$C$15550,0)) -> ESCAVAÇÃO MANUAL PARA BLOCO DE COROAMENTO OU SAPATA (INCLUINDO ESCAVAÇÃO PARA COLOCAÇÃO DE FÔRMAS). AF_01/2024 | E27: =INDEX(Banco!$E$7:$E$15550,MATCH(ORÇAMENTO!$B27,Banco!$C$7:$C$15550,0)) -> M3 | F27: 13.084 | G27: =INDEX(Banco!$G$7:$G$15550,MATCH(ORÇAMENTO!$B27,Banco!$C$7:$C$15550,0)) -> 99.5 | H27: =TRUNC(G27*(1+$G$4),2) -> 124.37 | I27: =TRUNC(H27*F27,2) -> 1627.25 | J27: =I27/$I$206 -> 0.0020365841
A28: 4.3 | D28: Blocos | I28: =SUM(I29) -> 700.2 | J28: =I28/$I$206 -> 0.00087633503
A29: 4.3.1 | B29: 96523 | C29: SINAPI | D29: =INDEX(Banco!$D$7:$D$15550,MATCH(ORÇAMENTO!$B29,Banco!$C$7:$C$15550,0)) -> ESCAVAÇÃO MANUAL PARA BLOCO DE COROAMENTO OU SAPATA (INCLUINDO ESCAVAÇÃO PARA COLOCAÇÃO DE FÔRMAS). AF_01/2024 | E29: =INDEX(Banco!$E$7:$E$15550,MATCH(ORÇAMENTO!$B29,Banco!$C$7:$C$15550,0)) -> M3 | F29: 5.63 | G29: =INDEX(Banco!$G$7:$G$15550,MATCH(ORÇAMENTO!$B29,Banco!$C$7:$C$15550,0)) -> 99.5 | H29: =TRUNC(G29*(1+$G$4),2) -> 124.37 | I29: =TRUNC(H29*F29,2) -> 700.2 | J29: =I29/$I$206 -> 0.00087633503
A30: 4.4 | D30: Baldrames | I30: =SUM(I31) -> 1202.65 | J30: =I30/$I$206 -> 0.0015051761
A31: 4.4.1 | B31: 96523 | C31: SINAPI | D31: =INDEX(Banco!$D$7:$D$15550,MATCH(ORÇAMENTO!$B31,Banco!$C$7:$C$15550,0)) -> ESCAVAÇÃO MANUAL PARA BLOCO DE COROAMENTO OU SAPATA (INCLUINDO ESCAVAÇÃO PARA COLOCAÇÃO DE FÔRMAS). AF_01/2024 | E31: =INDEX(Banco!$E$7:$E$15550,MATCH(ORÇAMENTO!$B31,Banco!$C$7:$C$15550,0)) -> M3 | F31: 9.67 | G31: =INDEX(Banco!$G$7:$G$15550,MATCH(ORÇAMENTO!$B31,Banco!$C$7:$C$15550,0)) -> 99.5 | H31: =TRUNC(G31*(1+$G$4),2) -> 124.37 | I31: =TRUNC(H31*F31,2) -> 1202.65 | J31: =I31/$I$206 -> 0.0015051761
A32: 5 | D32: Fundação, Baldrames, pilares e vigas | I32: =I33+I37+I42+I51+I58+I48 -> 189516.6 | J32: =I32/$I$206 -> 0.23718943
A33: 5.1 | D33: Estaca | I33: =SUM(I34:I36) -> 11737.17 | J33: =I33/$I$206 -> 0.01468965
A34: 5.1.1 | B34: 92917 | C34: SINAPI | D34: =INDEX(Banco!$D$7:$D$15550,MATCH(ORÇAMENTO!$B34,Banco!$C$7:$C$15550,0)) -> ARMAÇÃO DE ESTRUTURAS DIVERSAS DE CONCRETO ARMADO, EXCETO VIGAS, PILARES, LAJES E FUNDAÇÕES, UTILIZANDO AÇO CA-50 DE 8,0 MM - MONTAGEM. AF_06/2022 | E34: =INDEX(Banco!$E$7:$E$15550,MATCH(ORÇAMENTO!$B34,Banco!$C$7:$C$15550,0)) -> KG | F34: 128 | G34: =INDEX(Banco!$G$7:$G$15550,MATCH(ORÇAMENTO!$B34,Banco!$C$7:$C$15550,0)) -> 13.99 | H34: =TRUNC(G34*(1+$G$4),2) -> 17.48 | I34: =TRUNC(H34*F34,2) -> 2237.44 | J34: =I34/$I$206 -> 0.0028002672
A35: 5.1.2 | B35: 92915 | C35: SINAPI | D35: =INDEX(Banco!$D$7:$D$15550,MATCH(ORÇAMENTO!$B35,Banco!$C$7:$C$15550,0)) -> ARMAÇÃO DE ESTRUTURAS DIVERSAS DE CONCRETO ARMADO, EXCETO VIGAS, PILARES, LAJES E FUNDAÇÕES, UTILIZANDO AÇO CA-60 DE 5,0 MM - MONTAGEM. AF_06/2022 | E35: =INDEX(Banco!$E$7:$E$15550,MATCH(ORÇAMENTO!$B35,Banco!$C$7:$C$15550,0)) -> KG | F35: 40 | G35: =INDEX(Banco!$G$7:$G$15550,MATCH(ORÇAMENTO!$B35,Banco!$C$7:$C$15550,0)) -> 17.35 | H35: =TRUNC(G35*(1+$G$4),2) -> 21.68 | I35: =TRUNC(H35*F35,2) -> 867.2 | J35: =I35/$I$206 -> 0.0010853438
A36: 5.1.3 | B36: 103672 | C36: SINAPI | D36: =INDEX(Banco!$D$7:$D$15550,MATCH(ORÇAMENTO!$B36,Banco!$C$7:$C$15550,0)) -> CONCRETAGEM DE PILARES, FCK = 25 MPA, COM USO DE BOMBA - LANÇAMENTO, ADENSAMENTO E ACABAMENTO. AF_02/2022_PS | E36: =INDEX(Banco!$E$7:$E$15550,MATCH(ORÇAMENTO!$B36,Banco!$C$7:$C$15550,0)) -> M3 | F36: 9.1 | G36: =INDEX(Banco!$G$7:$G$15550,MATCH(ORÇAMENTO!$B36,Banco!$C$7:$C$15550,0)) -> 758.91 | H36: =TRUNC(G36*(1+$G$4),2) -> 948.63 | I36: =TRUNC(H36*F36,2) -> 8632.53 | J36: =I36/$I$206 -> 0.01080404
A37: 5.2 | D37: Sapata e Blocos | I37: =SUM(I38:I41) -> 24422.69 | J37: =I37/$I$206 -> 0.030566208
A38: 5.2.1 | B38: 92803 | C38: SINAPI | D38: =INDEX(Banco!$D$7:$D$15550,MATCH(ORÇAMENTO!$B38,Banco!$C$7:$C$15550,0)) -> CORTE E DOBRA DE AÇO CA-50, DIÂMETRO DE 10,0 MM. AF_06/2022 | E38: =INDEX(Banco!$E$7:$E$15550,MATCH(ORÇAMENTO!$B38,Banco!$C$7:$C$15550,0)) -> KG | F38: 505 | G38: =INDEX(Banco!$G$7:$G$15550,MATCH(ORÇAMENTO!$B38,Banco!$C$7:$C$15550,0)) -> 8.93 | H38: =TRUNC(G38*(1+$G$4),2) -> 11.16 | I38: =TRUNC(H38*F38,2) -> 5635.8 | J38: =I38/$I$206 -> 0.0070534833
A39: 5.2.2 | B39: 92804 | C39: SINAPI | D39: =INDEX(Banco!$D$7:$D$15550,MATCH(ORÇAMENTO!$B39,Banco!$C$7:$C$15550,0)) -> CORTE E DOBRA DE AÇO CA-50, DIÂMETRO DE 12,5 MM. AF_06/2022 | E39: =INDEX(Banco!$E$7:$E$15550,MATCH(ORÇAMENTO!$B39,Banco!$C$7:$C$15550,0)) -> KG | F39: 75 | G39: =INDEX(Banco!$G$7:$G$15550,MATCH(ORÇAMENTO!$B39,Banco!$C$7:$C$15550,0)) -> 7.64 | H39: =TRUNC(G39*(1+$G$4),2) -> 9.55 | I39: =TRUNC(H39*F39,2) -> 716.25 | J39: =I39/$I$206 -> 0.00089642241
A40: 5.2.3 | B40: 92799 | C40: SINAPI | D40: =INDEX(Banco!$D$7:$D$15550,MATCH(ORÇAMENTO!$B40,Banco!$C$7:$C$15550,0)) -> CORTE E DOBRA DE AÇO CA-60, DIÂMETRO DE 4,2 MM. AF_06/2022 | E40: =INDEX(Banco!$E$7:$E$15550,MATCH(ORÇAMENTO!$B40,Banco!$C$7:$C$15550,0)) -> KG | F40: 24 | G40: =INDEX(Banco!$G$7:$G$15550,MATCH(ORÇAMENTO!$B40,Banco!$C$7:$C$15550,0)) -> 11.04 | H40: =TRUNC(G40*(1+$G$4),2) -> 13.8 | I40: =TRUNC(H40*F40,2) -> 331.2 | J40: =I40/$I$206 -> 0.00041451323
A41: 5.2.4 | B41: 96555 | C41: SINAPI | D41: =INDEX(Banco!$D$7:$D$15550,MATCH(ORÇAMENTO!$B41,Banco!$C$7:$C$15550,0)) -> CONCRETAGEM DE BLOCO DE COROAMENTO OU VIGA BALDRAME, FCK 30 MPA, COM USO DE JERICA - LANÇAMENTO, ADENSAMENTO E ACABAMENTO. AF_01/2024 | E41: =INDEX(Banco!$E$7:$E$15550,MATCH(ORÇAMENTO!$B41,Banco!$C$7:$C$15550,0)) -> M3 | F41: 18.72 | G41: =INDEX(Banco!$G$7:$G$15550,MATCH(ORÇAMENTO!$B41,Banco!$C$7:$C$15550,0)) -> 758.1 | H41: =TRUNC(G41*(1+$G$4),2) -> 947.62 | I41: =TRUNC(H41*F41,2) -> 17739.44 | J41: =I41/$I$206 -> 0.022201789
A42: 5.3 | D42: Vigas Baldrames | I42: =SUM(I43:I47) -> 45534.43 | J42: =I42/$I$206 -> 0.056988598
A43: 5.3.1 | B43: 96530 | C43: SINAPI | D43: =INDEX(Banco!$D$7:$D$15550,MATCH(ORÇAMENTO!$B43,Banco!$C$7:$C$15550,0)) -> FABRICAÇÃO, MONTAGEM E DESMONTAGEM DE FÔRMA PARA VIGA BALDRAME, EM MADEIRA SERRADA, E=25 MM, 1 UTILIZAÇÃO. AF_01/2024 | E43: =INDEX(Banco!$E$7:$E$15550,MATCH(ORÇAMENTO!$B43,Banco!$C$7:$C$15550,0)) -> M2 | F43: 147 | G43: =INDEX(Banco!$G$7:$G$15550,MATCH(ORÇAMENTO!$B43,Banco!$C$7:$C$15550,0)) -> 163.98 | H43: =TRUNC(G43*(1+$G$4),2) -> 204.97 | I43: =TRUNC(H43*F43,2) -> 30130.59 | J43: =I43/$I$206 -> 0.037709928
A44: 5.3.2 | B44: 92801 | C44: SINAPI | D44: =INDEX(Banco!$D$7:$D$15550,MATCH(ORÇAMENTO!$B44,Banco!$C$7:$C$15550,0)) -> CORTE E DOBRA DE AÇO CA-50, DIÂMETRO DE 6,3 MM. AF_06/2022 | E44: =INDEX(Banco!$E$7:$E$15550,MATCH(ORÇAMENTO!$B44,Banco!$C$7:$C$15550,0)) -> KG | F44: 192 | G44: =INDEX(Banco!$G$7:$G$15550,MATCH(ORÇAMENTO!$B44,Banco!$C$7:$C$15550,0)) -> 9.83 | H44: =TRUNC(G44*(1+$G$4),2) -> 12.28 | I44: =TRUNC(H44*F44,2) -> 2357.76 | J44: =I44/$I$206 -> 0.0029508536
A45: 5.3.3 | B45: 92802 | C45: SINAPI | D45: =INDEX(Banco!$D$7:$D$15550,MATCH(ORÇAMENTO!$B45,Banco!$C$7:$C$15550,0)) -> CORTE E DOBRA DE AÇO CA-50, DIÂMETRO DE 8,0 MM. AF_06/2022 | E45: =INDEX(Banco!$E$7:$E$15550,MATCH(ORÇAMENTO!$B45,Banco!$C$7:$C$15550,0)) -> KG | F45: 160 | G45: =INDEX(Banco!$G$7:$G$15550,MATCH(ORÇAMENTO!$B45,Banco!$C$7:$C$15550,0)) -> 9.7 | H45: =TRUNC(G45*(1+$G$4),2) -> 12.12 | I45: =TRUNC(H45*F45,2) -> 1939.2 | J45: =I45/$I$206 -> 0.002427005
A46: 5.3.4 | B46: 92800 | C46: SINAPI | D46: =INDEX(Banco!$D$7:$D$15550,MATCH(ORÇAMENTO!$B46,Banco!$C$7:$C$15550,0)) -> CORTE E DOBRA DE AÇO CA-60, DIÂMETRO DE 5,0 MM. AF_06/2022 | E46: =INDEX(Banco!$E$7:$E$15550,MATCH(ORÇAMENTO!$B46,Banco!$C$7:$C$15550,0)) -> KG | F46: 158 | G46: =INDEX(Banco!$G$7:$G$15550,MATCH(ORÇAMENTO!$B46,Banco!$C$7:$C$15550,0)) -> 9.84 | H46: =TRUNC(G46*(1+$G$4),2) -> 12.3 | I46: =TRUNC(H46*F46,2) -> 1943.4 | J46: =I46/$I$206 -> 0.0024322615
A47: 5.3.5 | B47: 96555 | C47: SINAPI | D47: =INDEX(Banco!$D$7:$D$15550,MATCH(ORÇAMENTO!$B47,Banco!$C$7:$C$15550,0)) -> CONCRETAGEM DE BLOCO DE COROAMENTO OU VIGA BALDRAME, FCK 30 MPA, COM USO DE JERICA - LANÇAMENTO, ADENSAMENTO E ACABAMENTO. AF_01/2024 | E47: =INDEX(Banco!$E$7:$E$15550,MATCH(ORÇAMENTO!$B47,Banco!$C$7:$C$15550,0)) -> M3 | F47: 9.67 | G47: =INDEX(Banco!$G$7:$G$15550,MATCH(ORÇAMENTO!$B47,Banco!$C$7:$C$15550,0)) -> 758.1 | H47: =TRUNC(G47*(1+$G$4),2) -> 947.62 | I47: =TRUNC(H47*F47,2) -> 9163.48 | J47: =I47/$I$206 -> 0.01146855
A48: 5.4 | D48: Piso | I48: =SUM(I49:I50) -> 41887.28 | J48: =I48/$I$206 -> 0.052424009
A49: 5.4.1 | B49: 101747 | C49: SINAPI | D49: =INDEX(Banco!$D$7:$D$15550,MATCH(ORÇAMENTO!$B49,Banco!$C$7:$C$15550,0)) -> PISO EM CONCRETO 20 MPA PREPARO MECÂNICO, ESPESSURA 7CM. AF_09/2020 | E49: =INDEX(Banco!$E$7:$E$15550,MATCH(ORÇAMENTO!$B49,Banco!$C$7:$C$15550,0)) -> M2 | F49: 301.65 | G49: =INDEX(Banco!$G$7:$G$15550,MATCH(ORÇAMENTO!$B49,Banco!$C$7:$C$15550,0)) -> 87.72 | H49: =TRUNC(G49*(1+$G$4),2) -> 109.65 | I49: =TRUNC(H49*F49,2) -> 33075.92 | J49: =I49/$I$206 -> 0.041396155
A50: 5.4.2 | B50: 39509 | C50: SINAPI | D50: =INDEX(Banco!$D$7:$D$15550,MATCH(ORÇAMENTO!$B50,Banco!$C$7:$C$15550,0)) -> TELA DE ACO SOLDADA NERVURADA, CA-60, T-196, (2,11 KG/M2), DIAMETRO DO FIO = 5,0 MM, LARGURA = 2,45 M, ESPACAMENTO DA MALHA = 30 X 10 CM | E50: =INDEX(Banco!$E$7:$E$15550,MATCH(ORÇAMENTO!$B50,Banco!$C$7:$C$15550,0)) -> M2 | F50: 633 | G50: =INDEX(Banco!$G$7:$G$15550,MATCH(ORÇAMENTO!$B50,Banco!$C$7:$C$15550,0)) -> 11.14 | H50: =TRUNC(G50*(1+$G$4),2) -> 13.92 | I50: =TRUNC(H50*F50,2) -> 8811.36 | J50: =I50/$I$206 -> 0.011027854
A51: 5.5 | D51: Pilares | I51: =SUM(I52:I57) -> 46759.19 | J51: =I51/$I$206 -> 0.058521446
A52: 5.5.1 | B52: 92411 | C52: SINAPI | D52: =INDEX(Banco!$D$7:$D$15550,MATCH(ORÇAMENTO!$B52,Banco!$C$7:$C$15550,0)) -> MONTAGEM E DESMONTAGEM DE FÔRMA DE PILARES RETANGULARES E ESTRUTURAS SIMILARES, PÉ-DIREITO SIMPLES, EM MADEIRA SERRADA, 2 UTILIZAÇÕES. AF_09/2020 | E52: =INDEX(Banco!$E$7:$E$15550,MATCH(ORÇAMENTO!$B52,Banco!$C$7:$C$15550,0)) -> M2 | F52: 117.6 | G52: =INDEX(Banco!$G$7:$G$15550,MATCH(ORÇAMENTO!$B52,Banco!$C$7:$C$15550,0)) -> 174.47 | H52: =TRUNC(G52*(1+$G$4),2) -> 218.08 | I52: =TRUNC(H52*F52,2) -> 25646.2 | J52: =I52/$I$206 -> 0.032097492
A53: 5.5.2 | B53: 92802 | C53: SINAPI | D53: =INDEX(Banco!$D$7:$D$15550,MATCH(ORÇAMENTO!$B53,Banco!$C$7:$C$15550,0)) -> CORTE E DOBRA DE AÇO CA-50, DIÂMETRO DE 8,0 MM. AF_06/2022 | E53: =INDEX(Banco!$E$7:$E$15550,MATCH(ORÇAMENTO!$B53,Banco!$C$7:$C$15550,0)) -> KG | F53: 47 | G53: =INDEX(Banco!$G$7:$G$15550,MATCH(ORÇAMENTO!$B53,Banco!$C$7:$C$15550,0)) -> 9.7 | H53: =TRUNC(G53*(1+$G$4),2) -> 12.12 | I53: =TRUNC(H53*F53,2) -> 569.64 | J53: =I53/$I$206 -> 0.00071293272
A54: 5.5.3 | B54: 92803 | C54: SINAPI | D54: =INDEX(Banco!$D$7:$D$15550,MATCH(ORÇAMENTO!$B54,Banco!$C$7:$C$15550,0)) -> CORTE E DOBRA DE AÇO CA-50, DIÂMETRO DE 10,0 MM. AF_06/2022 | E54: =INDEX(Banco!$E$7:$E$15550,MATCH(ORÇAMENTO!$B54,Banco!$C$7:$C$15550,0)) -> KG | F54: 769 | G54: =INDEX(Banco!$G$7:$G$15550,MATCH(ORÇAMENTO!$B54,Banco!$C$7:$C$15550,0)) -> 8.93 | H54: =TRUNC(G54*(1+$G$4),2) -> 11.16 | I54: =TRUNC(H54*F54,2) -> 8582.04 | J54: =I54/$I$206 -> 0.010740849
A55: 5.5.4 | B55: 92799 | C55: SINAPI | D55: =INDEX(Banco!$D$7:$D$15550,MATCH(ORÇAMENTO!$B55,Banco!$C$7:$C$15550,0)) -> CORTE E DOBRA DE AÇO CA-60, DIÂMETRO DE 4,2 MM. AF_06/2022 | E55: =INDEX(Banco!$E$7:$E$15550,MATCH(ORÇAMENTO!$B55,Banco!$C$7:$C$15550,0)) -> KG | F55: 12 | G55: =INDEX(Banco!$G$7:$G$15550,MATCH(ORÇAMENTO!$B55,Banco!$C$7:$C$15550,0)) -> 11.04 | H55: =TRUNC(G55*(1+$G$4),2) -> 13.8 | I55: =TRUNC(H55*F55,2) -> 165.6 | J55: =I55/$I$206 -> 0.00020725661
A56: 5.5.5 | B56: 92800 | C56: SINAPI | D56: =INDEX(Banco!$D$7:$D$15550,MATCH(ORÇAMENTO!$B56,Banco!$C$7:$C$15550,0)) -> CORTE E DOBRA DE AÇO CA-60, DIÂMETRO DE 5,0 MM. AF_06/2022 | E56: =INDEX(Banco!$E$7:$E$15550,MATCH(ORÇAMENTO!$B56,Banco!$C$7:$C$15550,0)) -> KG | F56: 179 | G56: =INDEX(Banco!$G$7:$G$15550,MATCH(ORÇAMENTO!$B56,Banco!$C$7:$C$15550,0)) -> 9.84 | H56: =TRUNC(G56*(1+$G$4),2) -> 12.3 | I56: =TRUNC(H56*F56,2) -> 2201.7 | J56: =I56/$I$206 -> 0.0027555368
A57: 5.5.6 | B57: 103669 | C57: SINAPI | D57: =INDEX(Banco!$D$7:$D$15550,MATCH(ORÇAMENTO!$B57,Banco!$C$7:$C$15550,0)) -> CONCRETAGEM DE PILARES, FCK = 25 MPA, COM USO DE BALDES - LANÇAMENTO, ADENSAMENTO E ACABAMENTO. AF_02/2022 | E57: =INDEX(Banco!$E$7:$E$15550,MATCH(ORÇAMENTO!$B57,Banco!$C$7:$C$15550,0)) -> M3 | F57: 7.14 | G57: =INDEX(Banco!$G$7:$G$15550,MATCH(ORÇAMENTO!$B57,Banco!$C$7:$C$15550,0)) -> 1074.96 | H57: =TRUNC(G57*(1+$G$4),2) -> 1343.7 | I57: =TRUNC(H57*F57,2) -> 9594.01 | J57: =I57/$I$206 -> 0.012007379
A58: 5.6 | D58: Vigas Aéreas | I58: =SUM(I59:I67) -> 19175.84 | J58: =I58/$I$206 -> 0.023999515
A59: 5.6.1 | B59: 92411 | C59: SINAPI | D59: =INDEX(Banco!$D$7:$D$15550,MATCH(ORÇAMENTO!$B59,Banco!$C$7:$C$15550,0)) -> MONTAGEM E DESMONTAGEM DE FÔRMA DE PILARES RETANGULARES E ESTRUTURAS SIMILARES, PÉ-DIREITO SIMPLES, EM MADEIRA SERRADA, 2 UTILIZAÇÕES. AF_09/2020 | E59: =INDEX(Banco!$E$7:$E$15550,MATCH(ORÇAMENTO!$B59,Banco!$C$7:$C$15550,0)) -> M2 | F59: =F43*0.1 -> 14.7 | G59: =INDEX(Banco!$G$7:$G$15550,MATCH(ORÇAMENTO!$B59,Banco!$C$7:$C$15550,0)) -> 174.47 | H59: =TRUNC(G59*(1+$G$4),2) -> 218.08 | I59: =TRUNC(H59*F59,2) -> 3205.77 | J59: =I59/$I$206 -> 0.0040121802
A60: 5.6.2 | B60: 92801 | C60: SINAPI | D60: =INDEX(Banco!$D$7:$D$15550,MATCH(ORÇAMENTO!$B60,Banco!$C$7:$C$15550,0)) -> CORTE E DOBRA DE AÇO CA-50, DIÂMETRO DE 6,3 MM. AF_06/2022 | E60: =INDEX(Banco!$E$7:$E$15550,MATCH(ORÇAMENTO!$B60,Banco!$C$7:$C$15550,0)) -> KG | F60: 149 | G60: =INDEX(Banco!$G$7:$G$15550,MATCH(ORÇAMENTO!$B60,Banco!$C$7:$C$15550,0)) -> 9.83 | H60: =TRUNC(G60*(1+$G$4),2) -> 12.28 | I60: =TRUNC(H60*F60,2) -> 1829.72 | J60: =I60/$I$206 -> 0.0022899853
A61: 5.6.3 | B61: 92802 | C61: SINAPI | D61: =INDEX(Banco!$D$7:$D$15550,MATCH(ORÇAMENTO!$B61,Banco!$C$7:$C$15550,0)) -> CORTE E DOBRA DE AÇO CA-50, DIÂMETRO DE 8,0 MM. AF_06/2022 | E61: =INDEX(Banco!$E$7:$E$15550,MATCH(ORÇAMENTO!$B61,Banco!$C$7:$C$15550,0)) -> KG | F61: 90 | G61: =INDEX(Banco!$G$7:$G$15550,MATCH(ORÇAMENTO!$B61,Banco!$C$7:$C$15550,0)) -> 9.7 | H61: =TRUNC(G61*(1+$G$4),2) -> 12.12 | I61: =TRUNC(H61*F61,2) -> 1090.8 | J61: =I61/$I$206 -> 0.0013651903
A62: 5.6.4 | B62: 92803 | C62: SINAPI | D62: =INDEX(Banco!$D$7:$D$15550,MATCH(ORÇAMENTO!$B62,Banco!$C$7:$C$15550,0)) -> CORTE E DOBRA DE AÇO CA-50, DIÂMETRO DE 10,0 MM. AF_06/2022 | E62: =INDEX(Banco!$E$7:$E$15550,MATCH(ORÇAMENTO!$B62,Banco!$C$7:$C$15550,0)) -> KG | F62: 25 | G62: =INDEX(Banco!$G$7:$G$15550,MATCH(ORÇAMENTO!$B62,Banco!$C$7:$C$15550,0)) -> 8.93 | H62: =TRUNC(G62*(1+$G$4),2) -> 11.16 | I62: =TRUNC(H62*F62,2) -> 279 | J62: =I62/$I$206 -> 0.00034918234
A63: 5.6.5 | B63: 92804 | C63: SINAPI | D63: =INDEX(Banco!$D$7:$D$15550,MATCH(ORÇAMENTO!$B63,Banco!$C$7:$C$15550,0)) -> CORTE E DOBRA DE AÇO CA-50, DIÂMETRO DE 12,5 MM. AF_06/2022 | E63: =INDEX(Banco!$E$7:$E$15550,MATCH(ORÇAMENTO!$B63,Banco!$C$7:$C$15550,0)) -> KG | F63: 29 | G63: =INDEX(Banco!$G$7:$G$15550,MATCH(ORÇAMENTO!$B63,Banco!$C$7:$C$15550,0)) -> 7.64 | H63: =TRUNC(G63*(1+$G$4),2) -> 9.55 | I63: =TRUNC(H63*F63,2) -> 276.95 | J63: =I63/$I$206 -> 0.00034661666
A64: 5.6.6 | B64: 92805 | C64: SINAPI | D64: =INDEX(Banco!$D$7:$D$15550,MATCH(ORÇAMENTO!$B64,Banco!$C$7:$C$15550,0)) -> CORTE E DOBRA DE AÇO CA-50, DIÂMETRO DE 16,0 MM. AF_06/2022 | E64: =INDEX(Banco!$E$7:$E$15550,MATCH(ORÇAMENTO!$B64,Banco!$C$7:$C$15550,0)) -> KG | F64: 18 | G64: =INDEX(Banco!$G$7:$G$15550,MATCH(ORÇAMENTO!$B64,Banco!$C$7:$C$15550,0)) -> 7.56 | H64: =TRUNC(G64*(1+$G$4),2) -> 9.45 | I64: =TRUNC(H64*F64,2) -> 170.1 | J64: =I64/$I$206 -> 0.00021288859
A65: 5.6.7 | B65: 92881 | C65: SINAPI | D65: =INDEX(Banco!$D$7:$D$15550,MATCH(ORÇAMENTO!$B65,Banco!$C$7:$C$15550,0)) -> CORTE E DOBRA DE AÇO CA-25, DIÂMETRO DE 25,0 MM. AF_06/2022 | E65: =INDEX(Banco!$E$7:$E$15550,MATCH(ORÇAMENTO!$B65,Banco!$C$7:$C$15550,0)) -> KG | F65: 29 | G65: =INDEX(Banco!$G$7:$G$15550,MATCH(ORÇAMENTO!$B65,Banco!$C$7:$C$15550,0)) -> 9.57 | H65: =TRUNC(G65*(1+$G$4),2) -> 11.96 | I65: =TRUNC(H65*F65,2) -> 346.84 | J65: =I65/$I$206 -> 0.00043408747
A66: 5.6.8 | B66: 92800 | C66: SINAPI | D66: =INDEX(Banco!$D$7:$D$15550,MATCH(ORÇAMENTO!$B66,Banco!$C$7:$C$15550,0)) -> CORTE E DOBRA DE AÇO CA-60, DIÂMETRO DE 5,0 MM. AF_06/2022 | E66: =INDEX(Banco!$E$7:$E$15550,MATCH(ORÇAMENTO!$B66,Banco!$C$7:$C$15550,0)) -> KG | F66: 184 | G66: =INDEX(Banco!$G$7:$G$15550,MATCH(ORÇAMENTO!$B66,Banco!$C$7:$C$15550,0)) -> 9.84 | H66: =TRUNC(G66*(1+$G$4),2) -> 12.3 | I66: =TRUNC(H66*F66,2) -> 2263.2 | J66: =I66/$I$206 -> 0.0028325071
A67: 5.6.9 | B67: 103674 | C67: SINAPI | D67: =INDEX(Banco!$D$7:$D$15550,MATCH(ORÇAMENTO!$B67,Banco!$C$7:$C$15550,0)) -> CONCRETAGEM DE VIGAS E LAJES, FCK=25 MPA, PARA LAJES PREMOLDADAS COM USO DE BOMBA - LANÇAMENTO, ADENSAMENTO E ACABAMENTO. AF_02/2022_PS | E67: =INDEX(Banco!$E$7:$E$15550,MATCH(ORÇAMENTO!$B67,Banco!$C$7:$C$15550,0)) -> M3 | F67: 9.94 | G67: =INDEX(Banco!$G$7:$G$15550,MATCH(ORÇAMENTO!$B67,Banco!$C$7:$C$15550,0)) -> 781.77 | H67: =TRUNC(G67*(1+$G$4),2) -> 977.21 | I67: =TRUNC(H67*F67,2) -> 9713.46 | J67: =I67/$I$206 -> 0.012156877
A68: 6 | D68: Laje e impermeabilização | I68: =SUM(I69:I75) -> 60238.41 | J68: =I68/$I$206 -> 0.075391358
A69: 6.1 | B69: 101953 | C69: SINAPI | D69: =INDEX(Banco!$D$7:$D$15550,MATCH(ORÇAMENTO!$B69,Banco!$C$7:$C$15550,0)) -> LAJE PRÉ-MOLDADA UNIDIRECIONAL, BIAPOIADA, ENCHIMENTO EM EPS, VIGOTA TRELIÇADA, ALTURA TOTAL DA LAJE (ENCHIMENTO+CAPA) = (16+4). AF_11/2020 | E69: =INDEX(Banco!$E$7:$E$15550,MATCH(ORÇAMENTO!$B69,Banco!$C$7:$C$15550,0)) -> M2 | F69: 140.12 | G69: =INDEX(Banco!$G$7:$G$15550,MATCH(ORÇAMENTO!$B69,Banco!$C$7:$C$15550,0)) -> 116.85 | H69: =TRUNC(G69*(1+$G$4),2) -> 146.06 | I69: =TRUNC(H69*F69,2) -> 20465.92 | J69: =I69/$I$206 -> 0.025614114
A70: 6.2 | B70: 103674 | C70: SINAPI | D70: =INDEX(Banco!$D$7:$D$15550,MATCH(ORÇAMENTO!$B70,Banco!$C$7:$C$15550,0)) -> CONCRETAGEM DE VIGAS E LAJES, FCK=25 MPA, PARA LAJES PREMOLDADAS COM USO DE BOMBA - LANÇAMENTO, ADENSAMENTO E ACABAMENTO. AF_02/2022_PS | E70: =INDEX(Banco!$E$7:$E$15550,MATCH(ORÇAMENTO!$B70,Banco!$C$7:$C$15550,0)) -> M3 | F70: 12.33 | G70: =INDEX(Banco!$G$7:$G$15550,MATCH(ORÇAMENTO!$B70,Banco!$C$7:$C$15550,0)) -> 781.77 | H70: =TRUNC(G70*(1+$G$4),2) -> 977.21 | I70: =TRUNC(H70*F70,2) -> 12048.99 | J70: =I70/$I$206 -> 0.015079909
A71: 6.3 | B71: 92801 | C71: SINAPI | D71: =INDEX(Banco!$D$7:$D$15550,MATCH(ORÇAMENTO!$B71,Banco!$C$7:$C$15550,0)) -> CORTE E DOBRA DE AÇO CA-50, DIÂMETRO DE 6,3 MM. AF_06/2022 | E71: =INDEX(Banco!$E$7:$E$15550,MATCH(ORÇAMENTO!$B71,Banco!$C$7:$C$15550,0)) -> KG | F71: 38 | G71: =INDEX(Banco!$G$7:$G$15550,MATCH(ORÇAMENTO!$B71,Banco!$C$7:$C$15550,0)) -> 9.83 | H71: =TRUNC(G71*(1+$G$4),2) -> 12.28 | I71: =TRUNC(H71*F71,2) -> 466.64 | J71: =I71/$I$206 -> 0.00058402311
A72: 6.4 | B72: 92802 | C72: SINAPI | D72: =INDEX(Banco!$D$7:$D$15550,MATCH(ORÇAMENTO!$B72,Banco!$C$7:$C$15550,0)) -> CORTE E DOBRA DE AÇO CA-50, DIÂMETRO DE 8,0 MM. AF_06/2022 | E72: =INDEX(Banco!$E$7:$E$15550,MATCH(ORÇAMENTO!$B72,Banco!$C$7:$C$15550,0)) -> KG | F72: 45 | G72: =INDEX(Banco!$G$7:$G$15550,MATCH(ORÇAMENTO!$B72,Banco!$C$7:$C$15550,0)) -> 9.7 | H72: =TRUNC(G72*(1+$G$4),2) -> 12.12 | I72: =TRUNC(H72*F72,2) -> 545.4 | J72: =I72/$I$206 -> 0.00068259516
A73: 6.5 | B73: 92803 | C73: SINAPI | D73: =INDEX(Banco!$D$7:$D$15550,MATCH(ORÇAMENTO!$B73,Banco!$C$7:$C$15550,0)) -> CORTE E DOBRA DE AÇO CA-50, DIÂMETRO DE 10,0 MM. AF_06/2022 | E73: =INDEX(Banco!$E$7:$E$15550,MATCH(ORÇAMENTO!$B73,Banco!$C$7:$C$15550,0)) -> KG | F73: 105 | G73: =INDEX(Banco!$G$7:$G$15550,MATCH(ORÇAMENTO!$B73,Banco!$C$7:$C$15550,0)) -> 8.93 | H73: =TRUNC(G73*(1+$G$4),2) -> 11.16 | I73: =TRUNC(H73*F73,2) -> 1171.8 | J73: =I73/$I$206 -> 0.0014665658
A74: 6.6 | B74: 92273 | C74: SINAPI | D74: =INDEX(Banco!$D$7:$D$15550,MATCH(ORÇAMENTO!$B74,Banco!$C$7:$C$15550,0)) -> FABRICAÇÃO DE ESCORAS DO TIPO PONTALETE, EM MADEIRA, PARA PÉ-DIREITO SIMPLES. AF_09/2020 | E74: =INDEX(Banco!$E$7:$E$15550,MATCH(ORÇAMENTO!$B74,Banco!$C$7:$C$15550,0)) -> M | F74: =140.12*2 -> 280.24 | G74: =INDEX(Banco!$G$7:$G$15550,MATCH(ORÇAMENTO!$B74,Banco!$C$7:$C$15550,0)) -> 17.92 | H74: =TRUNC(G74*(1+$G$4),2) -> 22.4 | I74: =TRUNC(H74*F74,2) -> 6277.37 | J74: =I74/$I$206 -> 0.00785644
A75: 6.7 | B75: 98546 | C75: SINAPI | D75: =INDEX(Banco!$D$7:$D$15550,MATCH(ORÇAMENTO!$B75,Banco!$C$7:$C$15550,0)) -> IMPERMEABILIZAÇÃO DE SUPERFÍCIE COM MANTA ASFÁLTICA, UMA CAMADA, INCLUSIVE APLICAÇÃO DE PRIMER ASFÁLTICO, E=4MM. AF_09/2023 | E75: =INDEX(Banco!$E$7:$E$15550,MATCH(ORÇAMENTO!$B75,Banco!$C$7:$C$15550,0)) -> M2 | F75: 140.12 | G75: =INDEX(Banco!$G$7:$G$15550,MATCH(ORÇAMENTO!$B75,Banco!$C$7:$C$15550,0)) -> 109.98 | H75: =TRUNC(G75*(1+$G$4),2) -> 137.47 | I75: =TRUNC(H75*F75,2) -> 19262.29 | J75: =I75/$I$206 -> 0.024107711
A76: 7 | D76: Montagem da cobertura (madeira, telha, calha) | I76: =SUM(I77:I83) -> 46508.39 | J76: =I76/$I$206 -> 0.058207557
A77: 7.1 | B77: 92539 | C77: SINAPI | D77: =INDEX(Banco!$D$7:$D$15550,MATCH(ORÇAMENTO!$B77,Banco!$C$7:$C$15550,0)) -> TRAMA DE MADEIRA COMPOSTA POR RIPAS, CAIBROS E TERÇAS PARA TELHADOS DE ATÉ 2 ÁGUAS PARA TELHA DE ENCAIXE DE CERÂMICA OU DE CONCRETO, INCLUSO TRANSPORTE VERTICAL. AF_07/2019 | E77: =INDEX(Banco!$E$7:$E$15550,MATCH(ORÇAMENTO!$B77,Banco!$C$7:$C$15550,0)) -> M2 | F77: 215 | G77: =INDEX(Banco!$G$7:$G$15550,MATCH(ORÇAMENTO!$B77,Banco!$C$7:$C$15550,0)) -> 69.05 | H77: =TRUNC(G77*(1+$G$4),2) -> 86.31 | I77: =TRUNC(H77*F77,2) -> 18556.65 | J77: =I77/$I$206 -> 0.023224568
A78: 7.2 | B78: 94201 | C78: SINAPI | D78: =INDEX(Banco!$D$7:$D$15550,MATCH(ORÇAMENTO!$B78,Banco!$C$7:$C$15550,0)) -> TELHAMENTO COM TELHA CERÂMICA CAPA-CANAL, TIPO COLONIAL, COM ATÉ 2 ÁGUAS, INCLUSO TRANSPORTE VERTICAL. AF_07/2019 | E78: =INDEX(Banco!$E$7:$E$15550,MATCH(ORÇAMENTO!$B78,Banco!$C$7:$C$15550,0)) -> M2 | F78: 215 | G78: =INDEX(Banco!$G$7:$G$15550,MATCH(ORÇAMENTO!$B78,Banco!$C$7:$C$15550,0)) -> 66.85 | H78: =TRUNC(G78*(1+$G$4),2) -> 83.56 | I78: =TRUNC(H78*F78,2) -> 17965.4 | J78: =I78/$I$206 -> 0.022484589
A79: 7.3 | B79: 94219 | C79: SINAPI | D79: =INDEX(Banco!$D$7:$D$15550,MATCH(ORÇAMENTO!$B79,Banco!$C$7:$C$15550,0)) -> CUMEEIRA E ESPIGÃO PARA TELHA CERÂMICA EMBOÇADA COM ARGAMASSA TRAÇO 1:2:9 (CIMENTO, CAL E AREIA), PARA TELHADOS COM MAIS DE 2 ÁGUAS, INCLUSO TRANSPORTE VERTICAL. AF_07/2019 | E79: =INDEX(Banco!$E$7:$E$15550,MATCH(ORÇAMENTO!$B79,Banco!$C$7:$C$15550,0)) -> M | F79: 22.2 | G79: =INDEX(Banco!$G$7:$G$15550,MATCH(ORÇAMENTO!$B79,Banco!$C$7:$C$15550,0)) -> 39.15 | H79: =TRUNC(G79*(1+$G$4),2) -> 48.93 | I79: =TRUNC(H79*F79,2) -> 1086.24 | J79: =I79/$I$206 -> 0.0013594832
A80: 7.4 | B80: 94229 | C80: SINAPI | D80: =INDEX(Banco!$D$7:$D$15550,MATCH(ORÇAMENTO!$B80,Banco!$C$7:$C$15550,0)) -> CALHA EM CHAPA DE AÇO GALVANIZADO NÚMERO 24, DESENVOLVIMENTO DE 100 CM, INCLUSO TRANSPORTE VERTICAL. AF_07/2019 | E80: =INDEX(Banco!$E$7:$E$15550,MATCH(ORÇAMENTO!$B80,Banco!$C$7:$C$15550,0)) -> M | F80: =22.2*2 -> 44.4 | G80: =INDEX(Banco!$G$7:$G$15550,MATCH(ORÇAMENTO!$B80,Banco!$C$7:$C$15550,0)) -> 146.22 | H80: =TRUNC(G80*(1+$G$4),2) -> 182.77 | I80: =TRUNC(H80*F80,2) -> 8114.98 | J80: =I80/$I$206 -> 0.0101563
A81: 7.5 | B81: 89584 | C81: SINAPI | D81: =INDEX(Banco!$D$7:$D$15550,MATCH(ORÇAMENTO!$B81,Banco!$C$7:$C$15550,0)) -> JOELHO 90 GRAUS, PVC, SERIE R, ÁGUA PLUVIAL, DN 100 MM, JUNTA ELÁSTICA, FORNECIDO E INSTALADO EM CONDUTORES VERTICAIS DE ÁGUAS PLUVIAIS. AF_06/2022 | E81: =INDEX(Banco!$E$7:$E$15550,MATCH(ORÇAMENTO!$B81,Banco!$C$7:$C$15550,0)) -> UN | F81: 4 | G81: =INDEX(Banco!$G$7:$G$15550,MATCH(ORÇAMENTO!$B81,Banco!$C$7:$C$15550,0)) -> 44.41 | H81: =TRUNC(G81*(1+$G$4),2) -> 55.51 | I81: =TRUNC(H81*F81,2) -> 222.04 | J81: =I81/$I$206 -> 0.00027789407
A82: 7.6 | B82: 89671 | C82: SINAPI | D82: =INDEX(Banco!$D$7:$D$15550,MATCH(ORÇAMENTO!$B82,Banco!$C$7:$C$15550,0)) -> LUVA DE CORRER, PVC, SERIE R, ÁGUA PLUVIAL, DN 100 MM, JUNTA ELÁSTICA, FORNECIDO E INSTALADO EM CONDUTORES VERTICAIS DE ÁGUAS PLUVIAIS. AF_06/2022 | E82: =INDEX(Banco!$E$7:$E$15550,MATCH(ORÇAMENTO!$B82,Banco!$C$7:$C$15550,0)) -> UN | F82: 4 | G82: =INDEX(Banco!$G$7:$G$15550,MATCH(ORÇAMENTO!$B82,Banco!$C$7:$C$15550,0)) -> 44.92 | H82: =TRUNC(G82*(1+$G$4),2) -> 56.15 | I82: =TRUNC(H82*F82,2) -> 224.6 | J82: =I82/$I$206 -> 0.00028109804
A83: 7.7 | B83: 89578 | C83: SINAPI | D83: =INDEX(Banco!$D$7:$D$15550,MATCH(ORÇAMENTO!$B83,Banco!$C$7:$C$15550,0)) -> TUBO PVC, SÉRIE R, ÁGUA PLUVIAL, DN 100 MM, FORNECIDO E INSTALADO EM CONDUTORES VERTICAIS DE ÁGUAS PLUVIAIS. AF_06/2022 | E83: =INDEX(Banco!$E$7:$E$15550,MATCH(ORÇAMENTO!$B83,Banco!$C$7:$C$15550,0)) -> M | F83: 8 | G83: =INDEX(Banco!$G$7:$G$15550,MATCH(ORÇAMENTO!$B83,Banco!$C$7:$C$15550,0)) -> 33.85 | H83: =TRUNC(G83*(1+$G$4),2) -> 42.31 | I83: =TRUNC(H83*F83,2) -> 338.48 | J83: =I83/$I$206 -> 0.00042362451
A84: 8 | D84: Execução das paredes de alvenaria | I84: =SUM(I85:I91) -> 197882.82 | J84: =I84/$I$206 -> 0.24766017
A85: 8.1 | B85: 103328 | C85: SINAPI | D85: =INDEX(Banco!$D$7:$D$15550,MATCH(ORÇAMENTO!$B85,Banco!$C$7:$C$15550,0)) -> ALVENARIA DE VEDAÇÃO DE BLOCOS CERÂMICOS FURADOS NA HORIZONTAL DE 9X19X19 CM (ESPESSURA 9 CM) E ARGAMASSA DE ASSENTAMENTO COM PREPARO EM BETONEIRA. AF_12/2021 | E85: =INDEX(Banco!$E$7:$E$15550,MATCH(ORÇAMENTO!$B85,Banco!$C$7:$C$15550,0)) -> M2 | F85: =247.05+247.66 -> 494.71 | G85: =INDEX(Banco!$G$7:$G$15550,MATCH(ORÇAMENTO!$B85,Banco!$C$7:$C$15550,0)) -> 104.07 | H85: =TRUNC(G85*(1+$G$4),2) -> 130.08 | I85: =TRUNC(H85*F85,2) -> 64351.87 | J85: =I85/$I$206 -> 0.080539558
A86: 8.2 | B86: 105031 | C86: SINAPI | D86: =INDEX(Banco!$D$7:$D$15550,MATCH(ORÇAMENTO!$B86,Banco!$C$7:$C$15550,0)) -> CONTRAVERGA MOLDADA IN LOCO COM UTILIZAÇÃO DE BLOCOS CANALETA, ESPESSURA DE *15* CM. AF_03/2024 | E86: =INDEX(Banco!$E$7:$E$15550,MATCH(ORÇAMENTO!$B86,Banco!$C$7:$C$15550,0)) -> M | F86: 16.2 | G86: =INDEX(Banco!$G$7:$G$15550,MATCH(ORÇAMENTO!$B86,Banco!$C$7:$C$15550,0)) -> 48.6 | H86: =TRUNC(G86*(1+$G$4),2) -> 60.75 | I86: =TRUNC(H86*F86,2) -> 984.15 | J86: =I86/$I$206 -> 0.0012317125
A87: 8.3 | B87: 105025 | C87: SINAPI | D87: =INDEX(Banco!$D$7:$D$15550,MATCH(ORÇAMENTO!$B87,Banco!$C$7:$C$15550,0)) -> VERGA MOLDADA IN LOCO COM UTILIZAÇÃO DE BLOCOS CANALETA, ESPESSURA DE *15* CM. AF_03/2024 | E87: =INDEX(Banco!$E$7:$E$15550,MATCH(ORÇAMENTO!$B87,Banco!$C$7:$C$15550,0)) -> M | F87: 16.2 | G87: =INDEX(Banco!$G$7:$G$15550,MATCH(ORÇAMENTO!$B87,Banco!$C$7:$C$15550,0)) -> 59.58 | H87: =TRUNC(G87*(1+$G$4),2) -> 74.47 | I87: =TRUNC(H87*F87,2) -> 1206.41 | J87: =I87/$I$206 -> 0.001509882
A88: 8.4 | B88: 87905 | C88: SINAPI | D88: =INDEX(Banco!$D$7:$D$15550,MATCH(ORÇAMENTO!$B88,Banco!$C$7:$C$15550,0)) -> CHAPISCO APLICADO EM ALVENARIA (COM PRESENÇA DE VÃOS) E ESTRUTURAS DE CONCRETO DE FACHADA, COM COLHER DE PEDREIRO. ARGAMASSA TRAÇO 1:3 COM PREPARO EM BETONEIRA 400L. AF_10/2022 | E88: =INDEX(Banco!$E$7:$E$15550,MATCH(ORÇAMENTO!$B88,Banco!$C$7:$C$15550,0)) -> M2 | F88: 989.42 | G88: =INDEX(Banco!$G$7:$G$15550,MATCH(ORÇAMENTO!$B88,Banco!$C$7:$C$15550,0)) -> 8.52 | H88: =TRUNC(G88*(1+$G$4),2) -> 10.65 | I88: =TRUNC(H88*F88,2) -> 10537.32 | J88: =I88/$I$206 -> 0.013187979
A89: 8.5 | B89: 104219 | C89: SINAPI | D89: =INDEX(Banco!$D$7:$D$15550,MATCH(ORÇAMENTO!$B89,Banco!$C$7:$C$15550,0)) -> EMBOÇO OU MASSA ÚNICA EM ARGAMASSA INDUSTRIALIZADA, PREPARO MECÂNICA E APLICAÇÃO COM EQUIPAMENTO DE MISTURA E PROJEÇÃO DE 1,5 M3/H DE ARGAMASSA EM PANOS DE FACHADA COM PRESENÇA DE VÃOS, ESPESSURA DE 25 MM, ACESSO POR ANDAIME. AF_08/2022 | E89: =INDEX(Banco!$E$7:$E$15550,MATCH(ORÇAMENTO!$B89,Banco!$C$7:$C$15550,0)) -> M2 | F89: 989.42 | G89: =INDEX(Banco!$G$7:$G$15550,MATCH(ORÇAMENTO!$B89,Banco!$C$7:$C$15550,0)) -> 85.45 | H89: =TRUNC(G89*(1+$G$4),2) -> 106.81 | I89: =TRUNC(H89*F89,2) -> 105679.95 | J89: =I89/$I$206 -> 0.1322637
A90: 8.6 | B90: 88415 | C90: SINAPI | D90: =INDEX(Banco!$D$7:$D$15550,MATCH(ORÇAMENTO!$B90,Banco!$C$7:$C$15550,0)) -> APLICAÇÃO MANUAL DE FUNDO SELADOR ACRÍLICO EM PAREDES EXTERNAS DE CASAS. AF_03/2024 | E90: =INDEX(Banco!$E$7:$E$15550,MATCH(ORÇAMENTO!$B90,Banco!$C$7:$C$15550,0)) -> M2 | F90: 989.42 | G90: =INDEX(Banco!$G$7:$G$15550,MATCH(ORÇAMENTO!$B90,Banco!$C$7:$C$15550,0)) -> 5.42 | H90: =TRUNC(G90*(1+$G$4),2) -> 6.77 | I90: =TRUNC(H90*F90,2) -> 6698.37 | J90: =I90/$I$206 -> 0.0083833423
A91: 8.7 | B91: 105127 | C91: SINAPI | D91: =INDEX(Banco!$D$7:$D$15550,MATCH(ORÇAMENTO!$B91,Banco!$C$7:$C$15550,0)) -> INSTALAÇÃO DE CONCERTINA DUPLA CLIPADA, ESPIRAL DE 300 MM. AF_03/2024 | E91: =INDEX(Banco!$E$7:$E$15550,MATCH(ORÇAMENTO!$B91,Banco!$C$7:$C$15550,0)) -> M | F91: 190.39 | G91: =INDEX(Banco!$G$7:$G$15550,MATCH(ORÇAMENTO!$B91,Banco!$C$7:$C$15550,0)) -> 35.4 | H91: =TRUNC(G91*(1+$G$4),2) -> 44.25 | I91: =TRUNC(H91*F91,2) -> 8424.75 | J91: =I91/$I$206 -> 0.010543993
A92: 9 | D92: Instalações hidrossanitárias, elétricas e CFTV | I92: =I93+I135+I164 -> 55011.02 | J92: =I92/$I$206 -> 0.06884902
A93: 9.1 | D93: Instalações Hidrossanitárias | I93: =SUM(I94:I134) -> 20134.96 | J93: =I93/$I$206 -> 0.025199901
A94: 9.1.1 | B94: 103952 | C94: SINAPI | D94: =INDEX(Banco!$D$7:$D$15550,MATCH(ORÇAMENTO!$B94,Banco!$C$7:$C$15550,0)) -> BUCHA DE REDUÇÃO, CURTA, PVC, SOLDÁVEL, DN 25 X 20 MM, INSTALADO EM RAMAL DE DISTRIBUIÇÃO DE ÁGUA - FORNECIMENTO E INSTALAÇÃO. AF_06/2022 | E94: =INDEX(Banco!$E$7:$E$15550,MATCH(ORÇAMENTO!$B94,Banco!$C$7:$C$15550,0)) -> UN | F94: 6 | G94: =INDEX(Banco!$G$7:$G$15550,MATCH(ORÇAMENTO!$B94,Banco!$C$7:$C$15550,0)) -> 5.99 | H94: =TRUNC(G94*(1+$G$4),2) -> 7.48 | I94: =TRUNC(H94*F94,2) -> 44.88 | J94: =I94/$I$206 -> 5.6169546e-05
A95: 9.1.2 | B95: 105234 | C95: SINAPI | D95: =INDEX(Banco!$D$7:$D$15550,MATCH(ORÇAMENTO!$B95,Banco!$C$7:$C$15550,0)) -> BUCHA DE REDUÇÃO PVC, SOLDÁVEL, LONGA, DN 50 X 25 MM, INSTALADO EM RESERVAÇÃO PREDIAL DE ÁGUA - FORNECIMENTO E INSTALAÇÃO. AF_04/2024 | E95: =INDEX(Banco!$E$7:$E$15550,MATCH(ORÇAMENTO!$B95,Banco!$C$7:$C$15550,0)) -> UN | F95: 3 | G95: =INDEX(Banco!$G$7:$G$15550,MATCH(ORÇAMENTO!$B95,Banco!$C$7:$C$15550,0)) -> 9.78 | H95: =TRUNC(G95*(1+$G$4),2) -> 12.22 | I95: =TRUNC(H95*F95,2) -> 36.66 | J95: =I95/$I$206 -> 4.5881809e-05
A96: 9.1.3 | B96: 89681 | C96: SINAPI | D96: =INDEX(Banco!$D$7:$D$15550,MATCH(ORÇAMENTO!$B96,Banco!$C$7:$C$15550,0)) -> REDUÇÃO EXCÊNTRICA, PVC, SERIE R, ÁGUA PLUVIAL, DN 150 X 100 MM, JUNTA ELÁSTICA, FORNECIDO E INSTALADO EM CONDUTORES VERTICAIS DE ÁGUAS PLUVIAIS. AF_06/2022 | E96: =INDEX(Banco!$E$7:$E$15550,MATCH(ORÇAMENTO!$B96,Banco!$C$7:$C$15550,0)) -> UN | F96: 1 | G96: =INDEX(Banco!$G$7:$G$15550,MATCH(ORÇAMENTO!$B96,Banco!$C$7:$C$15550,0)) -> 89.46 | H96: =TRUNC(G96*(1+$G$4),2) -> 111.82 | I96: =TRUNC(H96*F96,2) -> 111.82 | J96: =I96/$I$206 -> 0.00013994828
A97: 9.1.4 | B97: 89406 | C97: SINAPI | D97: =INDEX(Banco!$D$7:$D$15550,MATCH(ORÇAMENTO!$B97,Banco!$C$7:$C$15550,0)) -> CURVA 90 GRAUS, PVC, SOLDÁVEL, DN 20MM, INSTALADO EM RAMAL DE DISTRIBUIÇÃO DE ÁGUA - FORNECIMENTO E INSTALAÇÃO. AF_06/2022 | E97: =INDEX(Banco!$E$7:$E$15550,MATCH(ORÇAMENTO!$B97,Banco!$C$7:$C$15550,0)) -> UN | F97: 3 | G97: =INDEX(Banco!$G$7:$G$15550,MATCH(ORÇAMENTO!$B97,Banco!$C$7:$C$15550,0)) -> 9.09 | H97: =TRUNC(G97*(1+$G$4),2) -> 11.36 | I97: =TRUNC(H97*F97,2) -> 34.08 | J97: =I97/$I$206 -> 4.2652811e-05
A98: 9.1.5 | B98: 89489 | C98: SINAPI | D98: =INDEX(Banco!$D$7:$D$15550,MATCH(ORÇAMENTO!$B98,Banco!$C$7:$C$15550,0)) -> CURVA 90 GRAUS, PVC, SOLDÁVEL, DN 25MM, INSTALADO EM PRUMADA DE ÁGUA - FORNECIMENTO E INSTALAÇÃO. AF_06/2022 | E98: =INDEX(Banco!$E$7:$E$15550,MATCH(ORÇAMENTO!$B98,Banco!$C$7:$C$15550,0)) -> UN | F98: 10 | G98: =INDEX(Banco!$G$7:$G$15550,MATCH(ORÇAMENTO!$B98,Banco!$C$7:$C$15550,0)) -> 7.86 | H98: =TRUNC(G98*(1+$G$4),2) -> 9.82 | I98: =TRUNC(H98*F98,2) -> 98.2 | J98: =I98/$I$206 -> 0.00012290217
A99: 9.1.6 | B99: 89503 | C99: SINAPI | D99: =INDEX(Banco!$D$7:$D$15550,MATCH(ORÇAMENTO!$B99,Banco!$C$7:$C$15550,0)) -> CURVA 90 GRAUS, PVC, SOLDÁVEL, DN 50MM, INSTALADO EM PRUMADA DE ÁGUA - FORNECIMENTO E INSTALAÇÃO. AF_06/2022 | E99: =INDEX(Banco!$E$7:$E$15550,MATCH(ORÇAMENTO!$B99,Banco!$C$7:$C$15550,0)) -> UN | F99: 7 | G99: =INDEX(Banco!$G$7:$G$15550,MATCH(ORÇAMENTO!$B99,Banco!$C$7:$C$15550,0)) -> 22.92 | H99: =TRUNC(G99*(1+$G$4),2) -> 28.65 | I99: =TRUNC(H99*F99,2) -> 200.55 | J99: =I99/$I$206 -> 0.00025099827
A100: 9.1.7 | B100: 89481 | C100: SINAPI | D100: =INDEX(Banco!$D$7:$D$15550,MATCH(ORÇAMENTO!$B100,Banco!$C$7:$C$15550,0)) -> JOELHO 90 GRAUS, PVC, SOLDÁVEL, DN 25MM, INSTALADO EM PRUMADA DE ÁGUA - FORNECIMENTO E INSTALAÇÃO. AF_06/2022 | E100: =INDEX(Banco!$E$7:$E$15550,MATCH(ORÇAMENTO!$B100,Banco!$C$7:$C$15550,0)) -> UN | F100: 6 | G100: =INDEX(Banco!$G$7:$G$15550,MATCH(ORÇAMENTO!$B100,Banco!$C$7:$C$15550,0)) -> 5.53 | H100: =TRUNC(G100*(1+$G$4),2) -> 6.91 | I100: =TRUNC(H100*F100,2) -> 41.46 | J100: =I100/$I$206 -> 5.1889247e-05
A101: 9.1.8 | B101: 89726 | C101: SINAPI | D101: =INDEX(Banco!$D$7:$D$15550,MATCH(ORÇAMENTO!$B101,Banco!$C$7:$C$15550,0)) -> JOELHO 45 GRAUS, PVC, SERIE NORMAL, ESGOTO PREDIAL, DN 40 MM, JUNTA SOLDÁVEL, FORNECIDO E INSTALADO EM RAMAL DE DESCARGA OU RAMAL DE ESGOTO SANITÁRIO. AF_08/2022 | E101: =INDEX(Banco!$E$7:$E$15550,MATCH(ORÇAMENTO!$B101,Banco!$C$7:$C$15550,0)) -> UN | F101: 16 | G101: =INDEX(Banco!$G$7:$G$15550,MATCH(ORÇAMENTO!$B101,Banco!$C$7:$C$15550,0)) -> 10.84 | H101: =TRUNC(G101*(1+$G$4),2) -> 13.55 | I101: =TRUNC(H101*F101,2) -> 216.8 | J101: =I101/$I$206 -> 0.00027133595
A102: 9.1.9 | B102: 89802 | C102: SINAPI | D102: =INDEX(Banco!$D$7:$D$15550,MATCH(ORÇAMENTO!$B102,Banco!$C$7:$C$15550,0)) -> JOELHO 45 GRAUS, PVC, SERIE NORMAL, ESGOTO PREDIAL, DN 50 MM, JUNTA ELÁSTICA, FORNECIDO E INSTALADO EM PRUMADA DE ESGOTO SANITÁRIO OU VENTILAÇÃO. AF_08/2022 | E102: =INDEX(Banco!$E$7:$E$15550,MATCH(ORÇAMENTO!$B102,Banco!$C$7:$C$15550,0)) -> UN | F102: 6 | G102: =INDEX(Banco!$G$7:$G$15550,MATCH(ORÇAMENTO!$B102,Banco!$C$7:$C$15550,0)) -> 10.47 | H102: =TRUNC(G102*(1+$G$4),2) -> 13.08 | I102: =TRUNC(H102*F102,2) -> 78.48 | J102: =I102/$I$206 -> 9.8221613e-05
A103: 9.1.10 | B103: 89809 | C103: SINAPI | D103: =INDEX(Banco!$D$7:$D$15550,MATCH(ORÇAMENTO!$B103,Banco!$C$7:$C$15550,0)) -> JOELHO 90 GRAUS, PVC, SERIE NORMAL, ESGOTO PREDIAL, DN 100 MM, JUNTA ELÁSTICA, FORNECIDO E INSTALADO EM PRUMADA DE ESGOTO SANITÁRIO OU VENTILAÇÃO. AF_08/2022 | E103: =INDEX(Banco!$E$7:$E$15550,MATCH(ORÇAMENTO!$B103,Banco!$C$7:$C$15550,0)) -> UN | F103: 3 | G103: =INDEX(Banco!$G$7:$G$15550,MATCH(ORÇAMENTO!$B103,Banco!$C$7:$C$15550,0)) -> 29.07 | H103: =TRUNC(G103*(1+$G$4),2) -> 36.33 | I103: =TRUNC(H103*F103,2) -> 108.99 | J103: =I103/$I$206 -> 0.00013640639
...

Sheet PMR
C2: Contratante: | D2: Fundo Municipal de Eucação de Bela Vista de Goiás
C3: Obra: | D3: Reforma – CMEI Dona Baltira de Moraes e Souza | E3: Bancos | G3: B.D.I.
C4: Endereço: | D4: Rua JA01, quadra 01, lote APM 1, Jardim Alphaville, Bela Vista de Goiás | E4: SINAPI - 04/2025 - Goiás | G4: ='BDI ONERADO'!E54 -> 0.25
A6: PMR
A8: Item | B8: Código | C8: Banco | D8: Descrição | E8: Und | F8: Quant. | G8: % | H8: Quant. Mínimo
A9: 5 | D9: Fundação, Baldrames, pilares e vigas
A10: 5.4 | D10: Piso
A11: 5.4.1 | B11: 101747 | C11: SINAPI | D11: =INDEX(Banco!$D$7:$D$15550,MATCH(PMR!$B11,Banco!$C$7:$C$15550,0)) -> PISO EM CONCRETO 20 MPA PREPARO MECÂNICO, ESPESSURA 7CM. AF_09/2020 | E11: =INDEX(Banco!$E$7:$E$15550,MATCH(PMR!$B11,Banco!$C$7:$C$15550,0)) -> M2 | F11: 301.65 | G11: 0.5 | H11: =F11*G11 -> 150.825
A12: 8 | D12: Execução das paredes de alvenaria
A13: 8.1 | B13: 103328 | C13: SINAPI | D13: =INDEX(Banco!$D$7:$D$15550,MATCH(PMR!$B13,Banco!$C$7:$C$15550,0)) -> ALVENARIA DE VEDAÇÃO DE BLOCOS CERÂMICOS FURADOS NA HORIZONTAL DE 9X19X19 CM (ESPESSURA 9 CM) E ARGAMASSA DE ASSENTAMENTO COM PREPARO EM BETONEIRA. AF_12/2021 | E13: =INDEX(Banco!$E$7:$E$15550,MATCH(PMR!$B13,Banco!$C$7:$C$15550,0)) -> M2 | F13: =247.05+247.66 -> 494.71 | G13: 0.5 | H13: =F13*G13 -> 247.355
A14: 8.5 | B14: 104219 | C14: SINAPI | D14: =INDEX(Banco!$D$7:$D$15550,MATCH(PMR!$B14,Banco!$C$7:$C$15550,0)) -> EMBOÇO OU MASSA ÚNICA EM ARGAMASSA INDUSTRIALIZADA, PREPARO MECÂNICA E APLICAÇÃO COM EQUIPAMENTO DE MISTURA E PROJEÇÃO DE 1,5 M3/H DE ARGAMASSA EM PANOS DE FACHADA COM PRESENÇA DE VÃOS, ESPESSURA DE 25 MM, ACESSO POR ANDAIME. AF_08/2022 | E14: =INDEX(Banco!$E$7:$E$15550,MATCH(PMR!$B14,Banco!$C$7:$C$15550,0)) -> M2 | F14: 989.42 | G14: 0.5 | H14: =F14*G14 -> 494.71
A15: 12 | D15: Pintura
A16: 12.6 | D16: Pintura interna e externa de paredes
A17: 12.6.1 | B17: 88423 | C17: SINAPI | D17: =INDEX(Banco!$D$7:$D$15550,MATCH(PMR!$B17,Banco!$C$7:$C$15550,0)) -> APLICAÇÃO MANUAL DE PINTURA COM TINTA TEXTURIZADA ACRÍLICA EM PAREDES EXTERNAS DE CASAS, UMA COR. AF_03/2024 | E17: =INDEX(Banco!$E$7:$E$15550,MATCH(PMR!$B17,Banco!$C$7:$C$15550,0)) -> M2 | F17: =ORÇAMENTO!F193 -> 1310.9813 | G17: 0.5 | H17: =F17*G17 -> 655.49067

Sheet COTAÇÃO
B1: Contratante: | C1: Fundo Municipal de Eucação de Bela Vista de Goiás
B2: Obra: | C2: Reforma – CMEI Dona Baltira de Moraes e Souza | E2: Bancos | G2: B.D.I. | I2: SEM DESONERAÇÃO
B3: Endereço: | C3: Rua JA01, quadra 01, lote APM 1, Jardim Alphaville, Bela Vista de Goiás | E3: SINAPI - 03/2023 - Goiás | G3: ='BDI ONERADO'!E54 -> 0.25
A5: COTAÇÃO
A7: Item | B7: Código | C7: Banco | D7: Descrição | E7: Und | F7: Quant. | G7: Valor Unit | H7: Valor Unit com BDI | I7: Total
A8: 9.3 | B8: 001 | C8: COT001 | D8: MONITOR LED 19 POLEGADAS | E8: UN. | F8: 1 | G8: =AVERAGE(D12,D17,D23) -> 325.66667 | H8: =G8*(1+G3) -> 407.08333 | I8: =H8*F8 -> 407.08333
C10: EMPRESA 1 | D10: TG INFORMATICA
C11: PRODUTO | D11: MONITOR LED 19 POLEGADAS MR-19 - C3TECH
C12: VALOR | D12: 480
C13: CONTATO | D13: (62) 3954-9995
C15: EMPRESA 2 | D15: MERCADO LIVRE.COM.BR
C16: PRODUTO | D16: Monitor Gamer VXpro VX190Z 19 Led Wsxga 60hz 5ms Hdmi Vga Cor Preto
C17: VALOR | D17: 200
C18: CONTATO | D18: INTERNET
C19: LINK | D19: https://www.mercadolivre.com.br/monitor-gamer-vxpro-vx190z-19-led-wsxga-60hz-5ms-hdmi-vga-cor-preto-aceitavel-recondicionado/p/MLB2012951643?pdp_filters=item_id%3AMLB5385092920&from=gshop&matt_tool=31485049&matt_internal_campaign_id=&matt_word=&matt_source=google&matt_campaign_id=22090354244&matt_ad_group_id=173090555516&matt_match_type=&matt_network=g&matt_device=c&matt_creative=727882729092&matt_keyword=&matt_ad_position=&matt_ad_type=pla&matt_merchant_id=735098660&matt_product_id=MLB2012951643-product&matt_product_partition_id=2388112038453&matt_target_id=pla-2388112038453&cq_src=google_ads&cq_cmp=22090354244&cq_net=g&cq_plt=gp&cq_med=pla&gad_source=1&gad_campaignid=22090354244&gclid=Cj0KCQjwjJrCBhCXARIsAI5x66WRUZOcgeENOGXfK83pP__7wigThybSP7dKEpN_4k17H5rmxxqwfvkaAhZmEALw_wcB | E19: .
C21: EMPRESA 2 | D21: KABUM.COM.BR
C22: PRODUTO | D22: Monitor HQ 19.5 LED Widescreen, 75hz, HDMI, VESA, Ajuste de Inclinação, Preto - 19.5HQ-LED
C23: VALOR | D23: 297
C24: CONTATO | D24: INTERNET
C25: LINK | D25: https://www.kabum.com.br/produto/133768/monitor-hq-19-5-led-widescreen-75hz-hdmi-vesa-ajuste-de-inclinacao-preto-19-5hq-led?utm_id=21434223550&gad_source=1&gad_campaignid=21430282493&gclid=Cj0KCQjwjJrCBhCXARIsAI5x66UGjyxDDub5aBskEVAa9Q85ou3_384UGBtPhAcr035TH7JggUTdXKIaAnPhEALw_wcB | E25: .
A39: REYDDNER ANDREI NUNES SILVA
A40: ENGENHEIRO CIVIL
A41: CREA 1014662982D-GO

Sheet MC
C2: Contratante: | D2: Fundo Municipal de Eucação de Bela Vista de Goiás
C3: Obra: | D3: Reforma – CMEI Dona Baltira de Moraes e Souza
C4: Endereço: | D4: Rua JA01, quadra 01, lote APM 1, Jardim Alphaville, Bela Vista de Goiás
A6: Mémoria de Cálculo
A7: Item | B7: Código | C7: Banco | D7: Descrição | E7: Und | F7: Quant. | G7: Memorial de Cálculo
A8: 1 | D8: Mobilização do canteiro e instalação provisória
A9: 1.1 | B9: 103689 | C9: SINAPI | D9: =INDEX(Banco!$D$7:$D$15550,MATCH(MC!$B9,Banco!$C$7:$C$15550,0)) -> FORNECIMENTO E INSTALAÇÃO DE PLACA DE OBRA COM CHAPA GALVANIZADA E ESTRUTURA DE MADEIRA. AF_03/2022_PS | E9: =INDEX(Banco!$E$7:$E$15550,MATCH(MC!$B9,Banco!$C$7:$C$15550,0)) -> M2 | F9: =ORÇAMENTO!F10 -> 4.5 | G9: 3,00 m x 1,50 m
A10: 1.2 | B10: 105009 | C10: SINAPI | D10: =ORÇAMENTO!D11 -> LOCAÇÃO CONVENCIONAL DE OBRA, UTILIZANDO GABARITO DE TÁBUAS CORRIDAS PONTALETADAS A CADA 1,50M - 2 UTILIZAÇÕES. AF_03/2024 | E10: =ORÇAMENTO!E11 -> M | F10: 22.19 | G10: 22,19 m
A11: 1.3 | B11: 10775 | C11: SINAPI | D11: =INDEX(Banco!$D$7:$D$15550,MATCH(MC!$B11,Banco!$C$7:$C$15550,0)) -> LOCACAO DE CONTAINER 2,30 X 6,00 M, ALT. 2,50 M, COM 1 SANITARIO, PARA ESCRITORIO, COMPLETO, SEM DIVISORIAS INTERNAS (NAO INCLUI MOBILIZACAO/DESMOBILIZACAO) | E11: =INDEX(Banco!$E$7:$E$15550,MATCH(MC!$B11,Banco!$C$7:$C$15550,0)) -> MES | F11: =ORÇAMENTO!F12 -> 6 | G11: 1 unidades por 6 meses
A12: 1.4 | B12: 10777 | C12: SINAPI | D12: =INDEX(Banco!$D$7:$D$15550,MATCH(MC!$B12,Banco!$C$7:$C$15550,0)) -> LOCACAO DE CONTAINER 2,30 X 4,30 M, ALT. 2,50 M, PARA SANITARIO, COM 3 BACIAS, 4 CHUVEIROS, 1 LAVATORIO E 1 MICTORIO (NAO INCLUI MOBILIZACAO/DESMOBILIZACAO) | E12: =INDEX(Banco!$E$7:$E$15550,MATCH(MC!$B12,Banco!$C$7:$C$15550,0)) -> MES | F12: =ORÇAMENTO!F13 -> 6 | G12: 1 unidades por 6 meses
A13: 1.5 | B13: 10776 | C13: SINAPI | D13: =INDEX(Banco!$D$7:$D$15550,MATCH(MC!$B13,Banco!$C$7:$C$15550,0)) -> LOCACAO DE CONTAINER 2,30 X 6,00 M, ALT. 2,50 M, PARA ESCRITORIO, SEM DIVISORIAS INTERNAS E SEM SANITARIO (NAO INCLUI MOBILIZACAO/DESMOBILIZACAO) | E13: =INDEX(Banco!$E$7:$E$15550,MATCH(MC!$B13,Banco!$C$7:$C$15550,0)) -> MES | F13: =ORÇAMENTO!F14 -> 6 | G13: 1 unidades por 6 meses
A14: 1.6 | B14: 98459 | C14: SINAPI | D14: =INDEX(Banco!$D$7:$D$15550,MATCH(MC!$B14,Banco!$C$7:$C$15550,0)) -> TAPUME COM TELHA METÁLICA. AF_03/2024 | E14: =INDEX(Banco!$E$7:$E$15550,MATCH(MC!$B14,Banco!$C$7:$C$15550,0)) -> M2 | F14: =ORÇAMENTO!F15 -> 166.85 | G14: 75,84*2,2=166.848
A15: 2 | D15: Demolição, limpeza e raspagem de solo
A16: 2.1 | B16: 97625 | C16: SINAPI | D16: =INDEX(Banco!$D$7:$D$15550,MATCH(MC!$B16,Banco!$C$7:$C$15550,0)) -> DEMOLIÇÃO DE ALVENARIA PARA QUALQUER TIPO DE BLOCO, DE FORMA MECANIZADA, SEM REAPROVEITAMENTO. AF_09/2023 | E16: =INDEX(Banco!$E$7:$E$15550,MATCH(MC!$B16,Banco!$C$7:$C$15550,0)) -> M3 | F16: =ORÇAMENTO!F17 -> 14.51 | G16: Dois muros: 11,51m x 2,9m x 0,15m + 21,81m x 2,9m x 0,15m
A17: 2.2 | B17: 100981 | C17: SINAPI | D17: =INDEX(Banco!$D$7:$D$15550,MATCH(MC!$B17,Banco!$C$7:$C$15550,0)) -> CARGA, MANOBRA E DESCARGA DE ENTULHO EM CAMINHÃO BASCULANTE 6 M³ - CARGA COM ESCAVADEIRA HIDRÁULICA (CAÇAMBA DE 0,80 M³ / 111 HP) E DESCARGA LIVRE (UNIDADE: M3). AF_07/2020 | E17: =INDEX(Banco!$E$7:$E$15550,MATCH(MC!$B17,Banco!$C$7:$C$15550,0)) -> M3 | F17: =ORÇAMENTO!F18 -> 22.49 | G17: Volume demolido com empolamento (fator 1,3). Bota-fora licenciado
A18: 2.4 | B18: 98519 | C18: SINAPI | D18: =INDEX(Banco!$D$7:$D$15550,MATCH(MC!$B18,Banco!$C$7:$C$15550,0)) -> REVOLVIMENTO E LIMPEZA MANUAL DE SOLO. AF_07/2024 | E18: =INDEX(Banco!$E$7:$E$15550,MATCH(MC!$B18,Banco!$C$7:$C$15550,0)) -> M2 | F18: =ORÇAMENTO!F19 -> 301.65 | G18: área de projeto
A19: 2.5 | B19: 100577 | C19: SINAPI | D19: =INDEX(Banco!$D$7:$D$15550,MATCH(MC!$B19,Banco!$C$7:$C$15550,0)) -> REGULARIZAÇÃO E COMPACTAÇÃO DE SUBLEITO DE SOLO PREDOMINANTEMENTE ARENOSO, PARA OBRAS DE CONSTRUÇÃO DE PAVIMENTOS. AF_09/2024 | E19: =INDEX(Banco!$E$7:$E$15550,MATCH(MC!$B19,Banco!$C$7:$C$15550,0)) -> M2 | F19: =ORÇAMENTO!F20 -> 301.65 | G19: área de projeto
A20: 3 | D20: Aterro e compactação
A21: 3.1 | B21: 94342 | C21: SINAPI | D21: =INDEX(Banco!$D$7:$D$15550,MATCH(MC!$B21,Banco!$C$7:$C$15550,0)) -> ATERRO MANUAL DE VALAS COM AREIA PARA ATERRO. AF_08/2023 | E21: =INDEX(Banco!$E$7:$E$15550,MATCH(MC!$B21,Banco!$C$7:$C$15550,0)) -> M3 | F21: =ORÇAMENTO!F22 -> 156.86 | G21: Volume final compactado (área: 301,65 m² x 0,40 m). Uso de solo argiloso local Volume a ser escavado/transportado, fator empolamento 1,3
A22: 4 | D22: Escavação(sapatas, blocos, estacas)
A23: 4.1 | D23: Estacas
A24: 4.1.1 | B24: 101211 | C24: SINAPI | D24: =INDEX(Banco!$D$7:$D$15550,MATCH(MC!$B24,Banco!$C$7:$C$15550,0)) -> ESCAVAÇÃO VERTICAL PARA EDIFICAÇÃO, COM CARGA, DESCARGA E TRANSPORTE DE SOLO DE 1ª CATEGORIA, COM ESCAVADEIRA HIDRÁULICA (CAÇAMBA: 0,8 M³ / 111 HP), FROTA DE 4 CAMINHÕES BASCULANTES DE 14 M³, DMT DE 2 KM E VELOCIDADE MÉDIA 19 KM/H. AF_05/2020 | E24: =INDEX(Banco!$E$7:$E$15550,MATCH(MC!$B24,Banco!$C$7:$C$15550,0)) -> M3 | F24: =ORÇAMENTO!F25 -> 9.054 | G24: 18 estacas de 40 cm de diâmetro x 4,00 m Volume por estaca: π·(0,20)²·4,00 = 0,503 m³ Total: 18 x 0,503 m³ = 9,054 m³
A25: 4.2 | D25: Sapatas
A26: 4.2.1 | B26: 96523 | C26: SINAPI | D26: =INDEX(Banco!$D$7:$D$15550,MATCH(MC!$B26,Banco!$C$7:$C$15550,0)) -> ESCAVAÇÃO MANUAL PARA BLOCO DE COROAMENTO OU SAPATA (INCLUINDO ESCAVAÇÃO PARA COLOCAÇÃO DE FÔRMAS). AF_01/2024 | E26: =INDEX(Banco!$E$7:$E$15550,MATCH(MC!$B26,Banco!$C$7:$C$15550,0)) -> M3 | F26: =ORÇAMENTO!F27 -> 13.084 | G26: 10 unidades 85x85x30 cm → 1,931 m³ 5 unidades 175x60x30 cm → 1,575 m³ 5 unidades 175x80x30 cm → 2,100 m³ Volume total de escavação das sapatas: 13,084 m³
A27: 4.3 | D27: Blocos
A28: 4.3.1 | B28: 96523 | C28: SINAPI | D28: =INDEX(Banco!$D$7:$D$15550,MATCH(MC!$B28,Banco!$C$7:$C$15550,0)) -> ESCAVAÇÃO MANUAL PARA BLOCO DE COROAMENTO OU SAPATA (INCLUINDO ESCAVAÇÃO PARA COLOCAÇÃO DE FÔRMAS). AF_01/2024 | E28: =INDEX(Banco!$E$7:$E$15550,MATCH(MC!$B28,Banco!$C$7:$C$15550,0)) -> M3 | F28: =ORÇAMENTO!F29 -> 5.63 | G28: 17 blocos de 80x80x45 cm → 5,184 m³ 1 bloco de 90x90x55 cm → 0,446 m³ Subtotal blocos: 5,630 m³
A29: 4.4 | D29: Baldrames
A30: 4.4.1 | B30: 96523 | C30: SINAPI | D30: =INDEX(Banco!$D$7:$D$15550,MATCH(MC!$B30,Banco!$C$7:$C$15550,0)) -> ESCAVAÇÃO MANUAL PARA BLOCO DE COROAMENTO OU SAPATA (INCLUINDO ESCAVAÇÃO PARA COLOCAÇÃO DE FÔRMAS). AF_01/2024 | E30: =INDEX(Banco!$E$7:$E$15550,MATCH(MC!$B30,Banco!$C$7:$C$15550,0)) -> M3 | F30: =ORÇAMENTO!F31 -> 9.67 | G30: retirado de projeto
A31: 5 | D31: Fundação, Baldrames, pilares e vigas
A32: 5.1 | D32: Estaca
A33: 5.1.1 | B33: 92917 | C33: SINAPI | D33: =INDEX(Banco!$D$7:$D$15550,MATCH(MC!$B33,Banco!$C$7:$C$15550,0)) -> ARMAÇÃO DE ESTRUTURAS DIVERSAS DE CONCRETO ARMADO, EXCETO VIGAS, PILARES, LAJES E FUNDAÇÕES, UTILIZANDO AÇO CA-50 DE 8,0 MM - MONTAGEM. AF_06/2022 | E33: =INDEX(Banco!$E$7:$E$15550,MATCH(MC!$B33,Banco!$C$7:$C$15550,0)) -> KG | F33: =ORÇAMENTO!F34 -> 128 | G33: 1. Armação Longitudinal (Ø8mm) Comprimento útil de cada barra = 3,00 m Quantidade de barras por estaca = 6 Total por estaca: 6 × 3,00 m = 18,00 m Total para 18 estacas: 18 × 18,00 m = 324,00 m de barra Ø8mm Peso por metro do Ø8mm: 0,395 kg/m Total em peso: 324 × 0,395 = 127,98 kg ≈ 128 kg
A34: 5.1.2 | B34: 92915 | C34: SINAPI | D34: =INDEX(Banco!$D$7:$D$15550,MATCH(MC!$B34,Banco!$C$7:$C$15550,0)) -> ARMAÇÃO DE ESTRUTURAS DIVERSAS DE CONCRETO ARMADO, EXCETO VIGAS, PILARES, LAJES E FUNDAÇÕES, UTILIZANDO AÇO CA-60 DE 5,0 MM - MONTAGEM. AF_06/2022 | E34: =INDEX(Banco!$E$7:$E$15550,MATCH(MC!$B34,Banco!$C$7:$C$15550,0)) -> KG | F34: =ORÇAMENTO!F35 -> 40 | G34: Estribos Ø5mm a cada 20cm Altura da armadura: 3,00 m N° de estribos por estaca: 3,00 m / 0,20 m = 15 estribos Formato dos estribos (aproximado): circunferência com 30 cm de diâmetro interno (cobrimento 5cm) → Comprimento ≈ π × diâmetro = 3,14 × 0,30 = 0,942 m cada Comprimento total por estaca: 15 × 0,942 = 14,13 m Total para 18 estacas: 18 × 14,13 = 254,34 m de barra Ø5mm Peso por metro do Ø5mm: 0,154 kg/m Total em peso: 254,34 × 0,154 = 39,16 kg ≈ 40 kg
A35: 5.1.3 | B35: 103672 | C35: SINAPI | D35: =INDEX(Banco!$D$7:$D$15550,MATCH(MC!$B35,Banco!$C$7:$C$15550,0)) -> CONCRETAGEM DE PILARES, FCK = 25 MPA, COM USO DE BOMBA - LANÇAMENTO, ADENSAMENTO E ACABAMENTO. AF_02/2022_PS | E35: =INDEX(Banco!$E$7:$E$15550,MATCH(MC!$B35,Banco!$C$7:$C$15550,0)) -> M3 | F35: =ORÇAMENTO!F36 -> 9.1 | G35: retirado de projeto
A36: 5.2 | D36: Sapata e Blocos
A37: 5.2.1 | B37: 92803 | C37: SINAPI | D37: =INDEX(Banco!$D$7:$D$15550,MATCH(MC!$B37,Banco!$C$7:$C$15550,0)) -> CORTE E DOBRA DE AÇO CA-50, DIÂMETRO DE 10,0 MM. AF_06/2022 | E37: =INDEX(Banco!$E$7:$E$15550,MATCH(MC!$B37,Banco!$C$7:$C$15550,0)) -> KG | F37: =ORÇAMENTO!F38 -> 505 | G37: retirado de projeto
A38: 5.2.2 | B38: 92804 | C38: SINAPI | D38: =INDEX(Banco!$D$7:$D$15550,MATCH(MC!$B38,Banco!$C$7:$C$15550,0)) -> CORTE E DOBRA DE AÇO CA-50, DIÂMETRO DE 12,5 MM. AF_06/2022 | E38: =INDEX(Banco!$E$7:$E$15550,MATCH(MC!$B38,Banco!$C$7:$C$15550,0)) -> KG | F38: =ORÇAMENTO!F39 -> 75 | G38: retirado de projeto
A39: 5.2.3 | B39: 92799 | C39: SINAPI | D39: =INDEX(Banco!$D$7:$D$15550,MATCH(MC!$B39,Banco!$C$7:$C$15550,0)) -> CORTE E DOBRA DE AÇO CA-60, DIÂMETRO DE 4,2 MM. AF_06/2022 | E39: =INDEX(Banco!$E$7:$E$15550,MATCH(MC!$B39,Banco!$C$7:$C$15550,0)) -> KG | F39: =ORÇAMENTO!F40 -> 24 | G39: retirado de projeto
A40: 5.2.4 | B40: 96555 | C40: SINAPI | D40: =INDEX(Banco!$D$7:$D$15550,MATCH(MC!$B40,Banco!$C$7:$C$15550,0)) -> CONCRETAGEM DE BLOCO DE COROAMENTO OU VIGA BALDRAME, FCK 30 MPA, COM USO DE JERICA - LANÇAMENTO, ADENSAMENTO E ACABAMENTO. AF_01/2024 | E40: =INDEX(Banco!$E$7:$E$15550,MATCH(MC!$B40,Banco!$C$7:$C$15550,0)) -> M3 | F40: =ORÇAMENTO!F41 -> 18.72 | G40: retirado de projeto
A41: 5.3 | D41: Vigas Baldrames
A42: 5.3.1 | B42: 96530 | C42: SINAPI | D42: =INDEX(Banco!$D$7:$D$15550,MATCH(MC!$B42,Banco!$C$7:$C$15550,0)) -> FABRICAÇÃO, MONTAGEM E DESMONTAGEM DE FÔRMA PARA VIGA BALDRAME, EM MADEIRA SERRADA, E=25 MM, 1 UTILIZAÇÃO. AF_01/2024 | E42: =INDEX(Banco!$E$7:$E$15550,MATCH(MC!$B42,Banco!$C$7:$C$15550,0)) -> M2 | F42: =ORÇAMENTO!F43 -> 147 | G42: retirado de projeto
A43: 5.3.2 | B43: 92801 | C43: SINAPI | D43: =INDEX(Banco!$D$7:$D$15550,MATCH(MC!$B43,Banco!$C$7:$C$15550,0)) -> CORTE E DOBRA DE AÇO CA-50, DIÂMETRO DE 6,3 MM. AF_06/2022 | E43: =INDEX(Banco!$E$7:$E$15550,MATCH(MC!$B43,Banco!$C$7:$C$15550,0)) -> KG | F43: =ORÇAMENTO!F44 -> 192 | G43: retirado de projeto
A44: 5.3.3 | B44: 92802 | C44: SINAPI | D44: =INDEX(Banco!$D$7:$D$15550,MATCH(MC!$B44,Banco!$C$7:$C$15550,0)) -> CORTE E DOBRA DE AÇO CA-50, DIÂMETRO DE 8,0 MM. AF_06/2022 | E44: =INDEX(Banco!$E$7:$E$15550,MATCH(MC!$B44,Banco!$C$7:$C$15550,0)) -> KG | F44: =ORÇAMENTO!F45 -> 160 | G44: retirado de projeto
A45: 5.3.4 | B45: 92800 | C45: SINAPI | D45: =INDEX(Banco!$D$7:$D$15550,MATCH(MC!$B45,Banco!$C$7:$C$15550,0)) -> CORTE E DOBRA DE AÇO CA-60, DIÂMETRO DE 5,0 MM. AF_06/2022 | E45: =INDEX(Banco!$E$7:$E$15550,MATCH(MC!$B45,Banco!$C$7:$C$15550,0)) -> KG | F45: =ORÇAMENTO!F46 -> 158 | G45: retirado de projeto
A46: 5.3.5 | B46: 96555 | C46: SINAPI | D46: =INDEX(Banco!$D$7:$D$15550,MATCH(MC!$B46,Banco!$C$7:$C$15550,0)) -> CONCRETAGEM DE BLOCO DE COROAMENTO OU VIGA BALDRAME, FCK 30 MPA, COM USO DE JERICA - LANÇAMENTO, ADENSAMENTO E ACABAMENTO. AF_01/2024 | E46: =INDEX(Banco!$E$7:$E$15550,MATCH(MC!$B46,Banco!$C$7:$C$15550,0)) -> M3 | F46: =ORÇAMENTO!F47 -> 9.67 | G46: retirado de projeto
A47: 5.4 | D47: Piso
A48: 5.4.1 | B48: 101747 | C48: SINAPI | D48: =INDEX(Banco!$D$7:$D$15550,MATCH(MC!$B48,Banco!$C$7:$C$15550,0)) -> PISO EM CONCRETO 20 MPA PREPARO MECÂNICO, ESPESSURA 7CM. AF_09/2020 | E48: =INDEX(Banco!$E$7:$E$15550,MATCH(MC!$B48,Banco!$C$7:$C$15550,0)) -> M2 | F48: =ORÇAMENTO!F49 -> 301.65 | G48: retirado de projeto
A49: 5.4.2 | B49: 39509 | C49: SINAPI | D49: =INDEX(Banco!$D$7:$D$15550,MATCH(MC!$B49,Banco!$C$7:$C$15550,0)) -> TELA DE ACO SOLDADA NERVURADA, CA-60, T-196, (2,11 KG/M2), DIAMETRO DO FIO = 5,0 MM, LARGURA = 2,45 M, ESPACAMENTO DA MALHA = 30 X 10 CM | E49: =INDEX(Banco!$E$7:$E$15550,MATCH(MC!$B49,Banco!$C$7:$C$15550,0)) -> M2 | F49: =ORÇAMENTO!F50 -> 633 | G49: retirado de projeto
A50: 5.5 | D50: Pilares
A51: 5.5.1 | B51: 92411 | C51: SINAPI | D51: =INDEX(Banco!$D$7:$D$15550,MATCH(MC!$B51,Banco!$C$7:$C$15550,0)) -> MONTAGEM E DESMONTAGEM DE FÔRMA DE PILARES RETANGULARES E ESTRUTURAS SIMILARES, PÉ-DIREITO SIMPLES, EM MADEIRA SERRADA, 2 UTILIZAÇÕES. AF_09/2020 | E51: =INDEX(Banco!$E$7:$E$15550,MATCH(MC!$B51,Banco!$C$7:$C$15550,0)) -> M2 | F51: =ORÇAMENTO!F52 -> 117.6 | G51: retirado de projeto
A52: 5.5.2 | B52: 92802 | C52: SINAPI | D52: =INDEX(Banco!$D$7:$D$15550,MATCH(MC!$B52,Banco!$C$7:$C$15550,0)) -> CORTE E DOBRA DE AÇO CA-50, DIÂMETRO DE 8,0 MM. AF_06/2022 | E52: =INDEX(Banco!$E$7:$E$15550,MATCH(MC!$B52,Banco!$C$7:$C$15550,0)) -> KG | F52: =ORÇAMENTO!F53 -> 47 | G52: retirado de projeto
A53: 5.5.3 | B53: 92803 | C53: SINAPI | D53: =INDEX(Banco!$D$7:$D$15550,MATCH(MC!$B53,Banco!$C$7:$C$15550,0)) -> CORTE E DOBRA DE AÇO CA-50, DIÂMETRO DE 10,0 MM. AF_06/2022 | E53: =INDEX(Banco!$E$7:$E$15550,MATCH(MC!$B53,Banco!$C$7:$C$15550,0)) -> KG | F53: =ORÇAMENTO!F54 -> 769 | G53: retirado de projeto
A54: 5.5.4 | B54: 92799 | C54: SINAPI | D54: =INDEX(Banco!$D$7:$D$15550,MATCH(MC!$B54,Banco!$C$7:$C$15550,0)) -> CORTE E DOBRA DE AÇO CA-60, DIÂMETRO DE 4,2 MM. AF_06/2022 | E54: =INDEX(Banco!$E$7:$E$15550,MATCH(MC!$B54,Banco!$C$7:$C$15550,0)) -> KG | F54: =ORÇAMENTO!F55 -> 12 | G54: retirado de projeto
A55: 5.5.5 | B55: 92800 | C55: SINAPI | D55: =INDEX(Banco!$D$7:$D$15550,MATCH(MC!$B55,Banco!$C$7:$C$15550,0)) -> CORTE E DOBRA DE AÇO CA-60, DIÂMETRO DE 5,0 MM. AF_06/2022 | E55: =INDEX(Banco!$E$7:$E$15550,MATCH(MC!$B55,Banco!$C$7:$C$15550,0)) -> KG | F55: =ORÇAMENTO!F56 -> 179 | G55: retirado de projeto
A56: 5.5.6 | B56: 103669 | C56: SINAPI | D56: =INDEX(Banco!$D$7:$D$15550,MATCH(MC!$B56,Banco!$C$7:$C$15550,0)) -> CONCRETAGEM DE PILARES, FCK = 25 MPA, COM USO DE BALDES - LANÇAMENTO, ADENSAMENTO E ACABAMENTO. AF_02/2022 | E56: =INDEX(Banco!$E$7:$E$15550,MATCH(MC!$B56,Banco!$C$7:$C$15550,0)) -> M3 | F56: =ORÇAMENTO!F57 -> 7.14 | G56: 3,4*0,15*0,25*56
A57: 5.6 | D57: Vigas Aéreas
A58: 5.6.1 | B58: 92411 | C58: SINAPI | D58: =INDEX(Banco!$D$7:$D$15550,MATCH(MC!$B58,Banco!$C$7:$C$15550,0)) -> MONTAGEM E DESMONTAGEM DE FÔRMA DE PILARES RETANGULARES E ESTRUTURAS SIMILARES, PÉ-DIREITO SIMPLES, EM MADEIRA SERRADA, 2 UTILIZAÇÕES. AF_09/2020 | E58: =INDEX(Banco!$E$7:$E$15550,MATCH(MC!$B58,Banco!$C$7:$C$15550,0)) -> M2 | F58: =ORÇAMENTO!F59 -> 14.7 | G58: retirado de projeto
A59: 5.6.2 | B59: 92801 | C59: SINAPI | D59: =INDEX(Banco!$D$7:$D$15550,MATCH(MC!$B59,Banco!$C$7:$C$15550,0)) -> CORTE E DOBRA DE AÇO CA-50, DIÂMETRO DE 6,3 MM. AF_06/2022 | E59: =INDEX(Banco!$E$7:$E$15550,MATCH(MC!$B59,Banco!$C$7:$C$15550,0)) -> KG | F59: =ORÇAMENTO!F60 -> 149 | G59: retirado de projeto
A60: 5.6.3 | B60: 92802 | C60: SINAPI | D60: =INDEX(Banco!$D$7:$D$15550,MATCH(MC!$B60,Banco!$C$7:$C$15550,0)) -> CORTE E DOBRA DE AÇO CA-50, DIÂMETRO DE 8,0 MM. AF_06/2022 | E60: =INDEX(Banco!$E$7:$E$15550,MATCH(MC!$B60,Banco!$C$7:$C$15550,0)) -> KG | F60: =ORÇAMENTO!F61 -> 90 | G60: retirado de projeto
A61: 5.6.4 | B61: 92803 | C61: SINAPI | D61: =INDEX(Banco!$D$7:$D$15550,MATCH(MC!$B61,Banco!$C$7:$C$15550,0)) -> CORTE E DOBRA DE AÇO CA-50, DIÂMETRO DE 10,0 MM. AF_06/2022 | E61: =INDEX(Banco!$E$7:$E$15550,MATCH(MC!$B61,Banco!$C$7:$C$15550,0)) -> KG | F61: =ORÇAMENTO!F62 -> 25 | G61: retirado de projeto
A62: 5.6.5 | B62: 92804 | C62: SINAPI | D62: =INDEX(Banco!$D$7:$D$15550,MATCH(MC!$B62,Banco!$C$7:$C$15550,0)) -> CORTE E DOBRA DE AÇO CA-50, DIÂMETRO DE 12,5 MM. AF_06/2022 | E62: =INDEX(Banco!$E$7:$E$15550,MATCH(MC!$B62,Banco!$C$7:$C$15550,0)) -> KG | F62: =ORÇAMENTO!F63 -> 29 | G62: retirado de projeto
A63: 5.6.6 | B63: 92805 | C63: SINAPI | D63: =INDEX(Banco!$D$7:$D$15550,MATCH(MC!$B63,Banco!$C$7:$C$15550,0)) -> CORTE E DOBRA DE AÇO CA-50, DIÂMETRO DE 16,0 MM. AF_06/2022 | E63: =INDEX(Banco!$E$7:$E$15550,MATCH(MC!$B63,Banco!$C$7:$C$15550,0)) -> KG | F63: =ORÇAMENTO!F64 -> 18 | G63: retirado de projeto
A64: 5.6.7 | B64: 92881 | C64: SINAPI | D64: =INDEX(Banco!$D$7:$D$15550,MATCH(MC!$B64,Banco!$C$7:$C$15550,0)) -> CORTE E DOBRA DE AÇO CA-25, DIÂMETRO DE 25,0 MM. AF_06/2022 | E64: =INDEX(Banco!$E$7:$E$15550,MATCH(MC!$B64,Banco!$C$7:$C$15550,0)) -> KG | F64: =ORÇAMENTO!F65 -> 29 | G64: retirado de projeto
A65: 5.6.8 | B65: 92800 | C65: SINAPI | D65: =INDEX(Banco!$D$7:$D$15550,MATCH(MC!$B65,Banco!$C$7:$C$15550,0)) -> CORTE E DOBRA DE AÇO CA-60, DIÂMETRO DE 5,0 MM. AF_06/2022 | E65: =INDEX(Banco!$E$7:$E$15550,MATCH(MC!$B65,Banco!$C$7:$C$15550,0)) -> KG | F65: =ORÇAMENTO!F66 -> 184 | G65: retirado de projeto
A66: 5.6.9 | B66: 103674 | C66: SINAPI | D66: =INDEX(Banco!$D$7:$D$15550,MATCH(MC!$B66,Banco!$C$7:$C$15550,0)) -> CONCRETAGEM DE VIGAS E LAJES, FCK=25 MPA, PARA LAJES PREMOLDADAS COM USO DE BOMBA - LANÇAMENTO, ADENSAMENTO E ACABAMENTO. AF_02/2022_PS | E66: =INDEX(Banco!$E$7:$E$15550,MATCH(MC!$B66,Banco!$C$7:$C$15550,0)) -> M3 | F66: =ORÇAMENTO!F67 -> 9.94 | G66: retirado de projeto
A67: 6 | D67: Laje e impermeabilização
A68: 6.1 | B68: 101953 | C68: SINAPI | D68: =INDEX(Banco!$D$7:$D$15550,MATCH(MC!$B68,Banco!$C$7:$C$15550,0)) -> LAJE PRÉ-MOLDADA UNIDIRECIONAL, BIAPOIADA, ENCHIMENTO EM EPS, VIGOTA TRELIÇADA, ALTURA TOTAL DA LAJE (ENCHIMENTO+CAPA) = (16+4). AF_11/2020 | E68: =INDEX(Banco!$E$7:$E$15550,MATCH(MC!$B68,Banco!$C$7:$C$15550,0)) -> M2 | F68: =ORÇAMENTO!F69 -> 140.12 | G68: retirado de projeto
A69: 6.2 | B69: 103674 | C69: SINAPI | D69: =INDEX(Banco!$D$7:$D$15550,MATCH(MC!$B69,Banco!$C$7:$C$15550,0)) -> CONCRETAGEM DE VIGAS E LAJES, FCK=25 MPA, PARA LAJES PREMOLDADAS COM USO DE BOMBA - LANÇAMENTO, ADENSAMENTO E ACABAMENTO. AF_02/2022_PS | E69: =INDEX(Banco!$E$7:$E$15550,MATCH(MC!$B69,Banco!$C$7:$C$15550,0)) -> M3 | F69: =ORÇAMENTO!F70 -> 12.33 | G69: retirado de projeto
A70: 6.3 | B70: 92801 | C70: SINAPI | D70: =INDEX(Banco!$D$7:$D$15550,MATCH(MC!$B70,Banco!$C$7:$C$15550,0)) -> CORTE E DOBRA DE AÇO CA-50, DIÂMETRO DE 6,3 MM. AF_06/2022 | E70: =INDEX(Banco!$E$7:$E$15550,MATCH(MC!$B70,Banco!$C$7:$C$15550,0)) -> KG | F70: =ORÇAMENTO!F71 -> 38 | G70: retirado de projeto
A71: 6.4 | B71: 92802 | C71: SINAPI | D71: =INDEX(Banco!$D$7:$D$15550,MATCH(MC!$B71,Banco!$C$7:$C$15550,0)) -> CORTE E DOBRA DE AÇO CA-50, DIÂMETRO DE 8,0 MM. AF_06/2022 | E71: =INDEX(Banco!$E$7:$E$15550,MATCH(MC!$B71,Banco!$C$7:$C$15550,0)) -> KG | F71: =ORÇAMENTO!F72 -> 45 | G71: retirado de projeto
A72: 6.5 | B72: 92803 | C72: SINAPI | D72: =INDEX(Banco!$D$7:$D$15550,MATCH(MC!$B72,Banco!$C$7:$C$15550,0)) -> CORTE E DOBRA DE AÇO CA-50, DIÂMETRO DE 10,0 MM. AF_06/2022 | E72: =INDEX(Banco!$E$7:$E$15550,MATCH(MC!$B72,Banco!$C$7:$C$15550,0)) -> KG | F72: =ORÇAMENTO!F73 -> 105 | G72: retirado de projeto
A73: 6.6 | B73: 92273 | C73: SINAPI | D73: =INDEX(Banco!$D$7:$D$15550,MATCH(MC!$B73,Banco!$C$7:$C$15550,0)) -> FABRICAÇÃO DE ESCORAS DO TIPO PONTALETE, EM MADEIRA, PARA PÉ-DIREITO SIMPLES. AF_09/2020 | E73: =INDEX(Banco!$E$7:$E$15550,MATCH(MC!$B73,Banco!$C$7:$C$15550,0)) -> M | F73: =ORÇAMENTO!F74 -> 280.24 | G73: retirado de projeto
A74: 6.7 | B74: 98546 | C74: SINAPI | D74: =INDEX(Banco!$D$7:$D$15550,MATCH(MC!$B74,Banco!$C$7:$C$15550,0)) -> IMPERMEABILIZAÇÃO DE SUPERFÍCIE COM MANTA ASFÁLTICA, UMA CAMADA, INCLUSIVE APLICAÇÃO DE PRIMER ASFÁLTICO, E=4MM. AF_09/2023 | E74: =INDEX(Banco!$E$7:$E$15550,MATCH(MC!$B74,Banco!$C$7:$C$15550,0)) -> M2 | F74: =ORÇAMENTO!F75 -> 140.12 | G74: retirado de projeto
A75: 7 | D75: Montagem da cobertura (madeira, telha, calha)
A76: 7.1 | B76: 92539 | C76: SINAPI | D76: =INDEX(Banco!$D$7:$D$15550,MATCH(MC!$B76,Banco!$C$7:$C$15550,0)) -> TRAMA DE MADEIRA COMPOSTA POR RIPAS, CAIBROS E TERÇAS PARA TELHADOS DE ATÉ 2 ÁGUAS PARA TELHA DE ENCAIXE DE CERÂMICA OU DE CONCRETO, INCLUSO TRANSPORTE VERTICAL. AF_07/2019 | E76: =INDEX(Banco!$E$7:$E$15550,MATCH(MC!$B76,Banco!$C$7:$C$15550,0)) -> M2 | F76: =ORÇAMENTO!F77 -> 215 | G76: retirado de projeto
A77: 7.2 | B77: 94201 | C77: SINAPI | D77: =INDEX(Banco!$D$7:$D$15550,MATCH(MC!$B77,Banco!$C$7:$C$15550,0)) -> TELHAMENTO COM TELHA CERÂMICA CAPA-CANAL, TIPO COLONIAL, COM ATÉ 2 ÁGUAS, INCLUSO TRANSPORTE VERTICAL. AF_07/2019 | E77: =INDEX(Banco!$E$7:$E$15550,MATCH(MC!$B77,Banco!$C$7:$C$15550,0)) -> M2 | F77: =ORÇAMENTO!F78 -> 215 | G77: retirado de projeto
A78: 7.3 | B78: 94219 | C78: SINAPI | D78: =INDEX(Banco!$D$7:$D$15550,MATCH(MC!$B78,Banco!$C$7:$C$15550,0)) -> CUMEEIRA E ESPIGÃO PARA TELHA CERÂMICA EMBOÇADA COM ARGAMASSA TRAÇO 1:2:9 (CIMENTO, CAL E AREIA), PARA TELHADOS COM MAIS DE 2 ÁGUAS, INCLUSO TRANSPORTE VERTICAL. AF_07/2019 | E78: =INDEX(Banco!$E$7:$E$15550,MATCH(MC!$B78,Banco!$C$7:$C$15550,0)) -> M | F78: =ORÇAMENTO!F79 -> 22.2 | G78: retirado de projeto
A79: 7.4 | B79: 94229 | C79: SINAPI | D79: =INDEX(Banco!$D$7:$D$15550,MATCH(MC!$B79,Banco!$C$7:$C$15550,0)) -> CALHA EM CHAPA DE AÇO GALVANIZADO NÚMERO 24, DESENVOLVIMENTO DE 100 CM, INCLUSO TRANSPORTE VERTICAL. AF_07/2019 | E79: =INDEX(Banco!$E$7:$E$15550,MATCH(MC!$B79,Banco!$C$7:$C$15550,0)) -> M | F79: =ORÇAMENTO!F80 -> 44.4 | G79: retirado de projeto
A80: 7.5 | B80: 89584 | C80: SINAPI | D80: =INDEX(Banco!$D$7:$D$15550,MATCH(MC!$B80,Banco!$C$7:$C$15550,0)) -> JOELHO 90 GRAUS, PVC, SERIE R, ÁGUA PLUVIAL, DN 100 MM, JUNTA ELÁSTICA, FORNECIDO E INSTALADO EM CONDUTORES VERTICAIS DE ÁGUAS PLUVIAIS. AF_06/2022 | E80: =INDEX(Banco!$E$7:$E$15550,MATCH(MC!$B80,Banco!$C$7:$C$15550,0)) -> UN | F80: =ORÇAMENTO!F81 -> 4 | G80: retirado de projeto
A81: 7.6 | B81: 89671 | C81: SINAPI | D81: =INDEX(Banco!$D$7:$D$15550,MATCH(MC!$B81,Banco!$C$7:$C$15550,0)) -> LUVA DE CORRER, PVC, SERIE R, ÁGUA PLUVIAL, DN 100 MM, JUNTA ELÁSTICA, FORNECIDO E INSTALADO EM CONDUTORES VERTICAIS DE ÁGUAS PLUVIAIS. AF_06/2022 | E81: =INDEX(Banco!$E$7:$E$15550,MATCH(MC!$B81,Banco!$C$7:$C$15550,0)) -> UN | F81: =ORÇAMENTO!F82 -> 4 | G81: retirado de projeto
A82: 7.7 | B82: 89578 | C82: SINAPI | D82: =INDEX(Banco!$D$7:$D$15550,MATCH(MC!$B82,Banco!$C$7:$C$15550,0)) -> TUBO PVC, SÉRIE R, ÁGUA PLUVIAL, DN 100 MM, FORNECIDO E INSTALADO EM CONDUTORES VERTICAIS DE ÁGUAS PLUVIAIS. AF_06/2022 | E82: =INDEX(Banco!$E$7:$E$15550,MATCH(MC!$B82,Banco!$C$7:$C$15550,0)) -> M | F82: =ORÇAMENTO!F83 -> 8 | G82: retirado de projeto
A83: 8 | D83: Execução das paredes de alvenaria
A84: 8.1 | B84: 103328 | C84: SINAPI | D84: =INDEX(Banco!$D$7:$D$15550,MATCH(MC!$B84,Banco!$C$7:$C$15550,0)) -> ALVENARIA DE VEDAÇÃO DE BLOCOS CERÂMICOS FURADOS NA HORIZONTAL DE 9X19X19 CM (ESPESSURA 9 CM) E ARGAMASSA DE ASSENTAMENTO COM PREPARO EM BETONEIRA. AF_12/2021 | E84: =INDEX(Banco!$E$7:$E$15550,MATCH(MC!$B84,Banco!$C$7:$C$15550,0)) -> M2 | F84: =ORÇAMENTO!F85 -> 494.71 | G84: retirado de projeto
A85: 8.2 | B85: 105031 | C85: SINAPI | D85: =INDEX(Banco!$D$7:$D$15550,MATCH(MC!$B85,Banco!$C$7:$C$15550,0)) -> CONTRAVERGA MOLDADA IN LOCO COM UTILIZAÇÃO DE BLOCOS CANALETA, ESPESSURA DE *15* CM. AF_03/2024 | E85: =INDEX(Banco!$E$7:$E$15550,MATCH(MC!$B85,Banco!$C$7:$C$15550,0)) -> M | F85: =ORÇAMENTO!F86 -> 16.2 | G85: retirado de projeto
A86: 8.3 | B86: 105025 | C86: SINAPI | D86: =INDEX(Banco!$D$7:$D$15550,MATCH(MC!$B86,Banco!$C$7:$C$15550,0)) -> VERGA MOLDADA IN LOCO COM UTILIZAÇÃO DE BLOCOS CANALETA, ESPESSURA DE *15* CM. AF_03/2024 | E86: =INDEX(Banco!$E$7:$E$15550,MATCH(MC!$B86,Banco!$C$7:$C$15550,0)) -> M | F86: =ORÇAMENTO!F87 -> 16.2 | G86: retirado de projeto
A87: 8.4 | B87: 87905 | C87: SINAPI | D87: =INDEX(Banco!$D$7:$D$15550,MATCH(MC!$B87,Banco!$C$7:$C$15550,0)) -> CHAPISCO APLICADO EM ALVENARIA (COM PRESENÇA DE VÃOS) E ESTRUTURAS DE CONCRETO DE FACHADA, COM COLHER DE PEDREIRO. ARGAMASSA TRAÇO 1:3 COM PREPARO EM BETONEIRA 400L. AF_10/2022 | E87: =INDEX(Banco!$E$7:$E$15550,MATCH(MC!$B87,Banco!$C$7:$C$15550,0)) -> M2 | F87: =ORÇAMENTO!F88 -> 989.42 | G87: retirado de projeto
A88: 8.5 | B88: 104219 | C88: SINAPI | D88: =INDEX(Banco!$D$7:$D$15550,MATCH(MC!$B88,Banco!$C$7:$C$15550,0)) -> EMBOÇO OU MASSA ÚNICA EM ARGAMASSA INDUSTRIALIZADA, PREPARO MECÂNICA E APLICAÇÃO COM EQUIPAMENTO DE MISTURA E PROJEÇÃO DE 1,5 M3/H DE ARGAMASSA EM PANOS DE FACHADA COM PRESENÇA DE VÃOS, ESPESSURA DE 25 MM, ACESSO POR ANDAIME. AF_08/2022 | E88: =INDEX(Banco!$E$7:$E$15550,MATCH(MC!$B88,Banco!$C$7:$C$15550,0)) -> M2 | F88: =ORÇAMENTO!F89 -> 989.42 | G88: retirado de projeto
A89: 8.6 | B89: 88415 | C89: SINAPI | D89: =INDEX(Banco!$D$7:$D$15550,MATCH(MC!$B89,Banco!$C$7:$C$15550,0)) -> APLICAÇÃO MANUAL DE FUNDO SELADOR ACRÍLICO EM PAREDES EXTERNAS DE CASAS. AF_03/2024 | E89: =INDEX(Banco!$E$7:$E$15550,MATCH(MC!$B89,Banco!$C$7:$C$15550,0)) -> M2 | F89: =ORÇAMENTO!F90 -> 989.42 | G89: retirado de projeto
A90: 8.7 | B90: 105127 | C90: SINAPI | D90: =INDEX(Banco!$D$7:$D$15550,MATCH(MC!$B90,Banco!$C$7:$C$15550,0)) -> INSTALAÇÃO DE CONCERTINA DUPLA CLIPADA, ESPIRAL DE 300 MM. AF_03/2024 | E90: =INDEX(Banco!$E$7:$E$15550,MATCH(MC!$B90,Banco!$C$7:$C$15550,0)) -> M | F90: =ORÇAMENTO!F91 -> 190.39 | G90: retirado de projeto
A91: 9 | D91: Instalações hidrossanitárias e elétricas
A92: 9.1 | D92: Instalações Hidrossanitárias
A93: 9.1.1 | B93: 103952 | C93: SINAPI | D93: =INDEX(Banco!$D$7:$D$15550,MATCH(MC!$B93,Banco!$C$7:$C$15550,0)) -> BUCHA DE REDUÇÃO, CURTA, PVC, SOLDÁVEL, DN 25 X 20 MM, INSTALADO EM RAMAL DE DISTRIBUIÇÃO DE ÁGUA - FORNECIMENTO E INSTALAÇÃO. AF_06/2022 | E93: =INDEX(Banco!$E$7:$E$15550,MATCH(MC!$B93,Banco!$C$7:$C$15550,0)) -> UN | F93: =ORÇAMENTO!F94 -> 6 | G93: retirado de projeto
A94: 9.1.2 | B94: 105234 | C94: SINAPI | D94: =INDEX(Banco!$D$7:$D$15550,MATCH(MC!$B94,Banco!$C$7:$C$15550,0)) -> BUCHA DE REDUÇÃO PVC, SOLDÁVEL, LONGA, DN 50 X 25 MM, INSTALADO EM RESERVAÇÃO PREDIAL DE ÁGUA - FORNECIMENTO E INSTALAÇÃO. AF_04/2024 | E94: =INDEX(Banco!$E$7:$E$15550,MATCH(MC!$B94,Banco!$C$7:$C$15550,0)) -> UN | F94: =ORÇAMENTO!F95 -> 3 | G94: retirado de projeto
A95: 9.1.3 | B95: 89681 | C95: SINAPI | D95: =INDEX(Banco!$D$7:$D$15550,MATCH(MC!$B95,Banco!$C$7:$C$15550,0)) -> REDUÇÃO EXCÊNTRICA, PVC, SERIE R, ÁGUA PLUVIAL, DN 150 X 100 MM, JUNTA ELÁSTICA, FORNECIDO E INSTALADO EM CONDUTORES VERTICAIS DE ÁGUAS PLUVIAIS. AF_06/2022 | E95: =INDEX(Banco!$E$7:$E$15550,MATCH(MC!$B95,Banco!$C$7:$C$15550,0)) -> UN | F95: =ORÇAMENTO!F96 -> 1 | G95: retirado de projeto
A96: 9.1.4 | B96: 89406 | C96: SINAPI | D96: =INDEX(Banco!$D$7:$D$15550,MATCH(MC!$B96,Banco!$C$7:$C$15550,0)) -> CURVA 90 GRAUS, PVC, SOLDÁVEL, DN 20MM, INSTALADO EM RAMAL DE DISTRIBUIÇÃO DE ÁGUA - FORNECIMENTO E INSTALAÇÃO. AF_06/2022 | E96: =INDEX(Banco!$E$7:$E$15550,MATCH(MC!$B96,Banco!$C$7:$C$15550,0)) -> UN | F96: =ORÇAMENTO!F97 -> 3 | G96: retirado de projeto
A97: 9.1.5 | B97: 89489 | C97: SINAPI | D97: =INDEX(Banco!$D$7:$D$15550,MATCH(MC!$B97,Banco!$C$7:$C$15550,0)) -> CURVA 90 GRAUS, PVC, SOLDÁVEL, DN 25MM, INSTALADO EM PRUMADA DE ÁGUA - FORNECIMENTO E INSTALAÇÃO. AF_06/2022 | E97: =INDEX(Banco!$E$7:$E$15550,MATCH(MC!$B97,Banco!$C$7:$C$15550,0)) -> UN | F97: =ORÇAMENTO!F98 -> 10 | G97: retirado de projeto
A98: 9.1.6 | B98: 89503 | C98: SINAPI | D98: =INDEX(Banco!$D$7:$D$15550,MATCH(MC!$B98,Banco!$C$7:$C$15550,0)) -> CURVA 90 GRAUS, PVC, SOLDÁVEL, DN 50MM, INSTALADO EM PRUMADA DE ÁGUA - FORNECIMENTO E INSTALAÇÃO. AF_06/2022 | E98: =INDEX(Banco!$E$7:$E$15550,MATCH(MC!$B98,Banco!$C$7:$C$15550,0)) -> UN | F98: =ORÇAMENTO!F99 -> 7 | G98: retirado de projeto
A99: 9.1.7 | B99: 89481 | C99: SINAPI | D99: =INDEX(Banco!$D$7:$D$15550,MATCH(MC!$B99,Banco!$C$7:$C$15550,0)) -> JOELHO 90 GRAUS, PVC, SOLDÁVEL, DN 25MM, INSTALADO EM PRUMADA DE ÁGUA - FORNECIMENTO E INSTALAÇÃO. AF_06/2022 | E99: =INDEX(Banco!$E$7:$E$15550,MATCH(MC!$B99,Banco!$C$7:$C$15550,0)) -> UN | F99: =ORÇAMENTO!F100 -> 6 | G99: retirado de projeto
A100: 9.1.8 | B100: 89726 | C100: SINAPI | D100: =INDEX(Banco!$D$7:$D$15550,MATCH(MC!$B100,Banco!$C$7:$C$15550,0)) -> JOELHO 45 GRAUS, PVC, SERIE NORMAL, ESGOTO PREDIAL, DN 40 MM, JUNTA SOLDÁVEL, FORNECIDO E INSTALADO EM RAMAL DE DESCARGA OU RAMAL DE ESGOTO SANITÁRIO. AF_08/2022 | E100: =INDEX(Banco!$E$7:$E$15550,MATCH(MC!$B100,Banco!$C$7:$C$15550,0)) -> UN | F100: =ORÇAMENTO!F101 -> 16 | G100: retirado de projeto
A101: 9.1.9 | B101: 89802 | C101: SINAPI | D101: =INDEX(Banco!$D$7:$D$15550,MATCH(MC!$B101,Banco!$C$7:$C$15550,0)) -> JOELHO 45 GRAUS, PVC, SERIE NORMAL, ESGOTO PREDIAL, DN 50 MM, JUNTA ELÁSTICA, FORNECIDO E INSTALADO EM PRUMADA DE ESGOTO SANITÁRIO OU VENTILAÇÃO. AF_08/2022 | E101: =INDEX(Banco!$E$7:$E$15550,MATCH(MC!$B101,Banco!$C$7:$C$15550,0)) -> UN | F101: =ORÇAMENTO!F102 -> 6 | G101: retirado de projeto
A102: 9.1.10 | B102: 89809 | C102: SINAPI | D102: =INDEX(Banco!$D$7:$D$15550,MATCH(MC!$B102,Banco!$C$7:$C$15550,0)) -> JOELHO 90 GRAUS, PVC, SERIE NORMAL, ESGOTO PREDIAL, DN 100 MM, JUNTA ELÁSTICA, FORNECIDO E INSTALADO EM PRUMADA DE ESGOTO SANITÁRIO OU VENTILAÇÃO. AF_08/2022 | E102: =INDEX(Banco!$E$7:$E$15550,MATCH(MC!$B102,Banco!$C$7:$C$15550,0)) -> UN | F102: =ORÇAMENTO!F103 -> 3 | G102: retirado de projeto
...

Sheet BDI ONERADO
C2: Contratante: | D2: Fundo Municipal de Eucação de Bela Vista de Goiás
C3: Obra: | D3: Reforma – CMEI Dona Baltira de Moraes e Souza
C4: Endereço: | D4: Rua JA01, quadra 01, lote APM 1, Jardim Alphaville, Bela Vista de Goiás
C5: BDI COM DESONERAÇÃO
C6: COMPOSIÇÃO BDI PARA OBRAS RODOVIÁRIAS - CONFORME TABELA GOINFRA
C9: Administração Central | E9: 0.0367
C10: Seguro e Garantia | E10: 0.0011
C11: Risco | E11: 0.0056
C12: Despesas financeiras | E12: 0.0075 | J12: Onde:
C13: Lucro | E13: 0.0672 | J13: AC: taxa de administração central;
C14: Tributos - PIS, COFINS e CPRB | E14: 0.0815 | F14: ** | J14: S: taxa de seguros;
C15: Tributos - ISS | E15: 0.03 | F15: *** | J15: R: taxa de riscos;
D16: BDI | E16: =ROUND((((1+E9+E10+E11)*(1+E12)*(1+E13))/(1-E14-E15)-1),4) -> 0.2627 | J16: G: taxa de garantias;
J17: DF: taxa de despesas financeiras;
C18: * CALCULADO CONFORME ACÓRDÃO N° 2622/2013 - TCU - Plenário | J18: L: taxa de lucro/remuneração;
C19: **PIS - 0,65%; COFINS -3,00%; CPRB - 4,50% | J19: I: taxa de incidência de impostos (PIS, COFINS, ISS, CPRB)
C20: *** ISS DE 3,0% - BASE DE CALCULO DE 100% MEDIO ADOTADO DNIT
C25: COMPOSIÇÃO BDI REDUZIDO PARA MATERIAL - CONFORME TABELA GOINFRA
C28: Administração Central | E28: 0.022
C29: Seguro e Garantia | E29: 0.0005
C30: Risco | E30: 0.0033
C31: Despesas financeiras | E31: 0.0045 | J31: Onde:
C32: Lucro | E32: 0.0437 | J32: AC: taxa de administração central;
C33: Tributos - PIS, COFINS e CPRB | E33: 0.0815 | F33: ** | J33: S: taxa de seguros;
C34: Tributos - ISS | E34: 0 | F34: *** | J34: R: taxa de riscos;
D35: BDI | E35: =ROUND((((1+E28+E29+E30)*(1+E31)*(1+E32))/(1-E33-E34)-1),4) -> 0.1709 | J35: G: taxa de garantias;
J36: DF: taxa de despesas financeiras;
C37: * CALCULADO CONFORME ACÓRDÃO N° 2622/2013 - TCU - Plenário | J37: L: taxa de lucro/remuneração;
C38: **PIS - 0,65%; COFINS -3,00%; CPRB - 4,50% | J38: I: taxa de incidência de impostos (PIS, COFINS, ISS, CPRB)
C42: BDI - ONERADO
C44: COMPOSIÇÃO BDI PARA OBRAS RODOVIÁRIAS - CONFORME TCU
C47: Administração Central | E47: 0.04
C48: Seguro e Garantia | E48: 0.0012
C49: Risco | E49: 0.0097
C50: Despesas financeiras | E50: 0.0117 | J50: Onde:
C51: Lucro | E51: 0.074 | J51: AC: taxa de administração central;
C52: Tributos - PIS, COFINS e CPRB | E52: 0.0365 | F52: ** | J52: S: taxa de seguros;
C53: Tributos - ISS | E53: 0.05 | F53: *** | J53: R: taxa de riscos;
C54: BDI | E54: =ROUND((((1+E47+E48+E49)*(1+E50)*(1+E51))/(1-E52-E53)-1),4) -> 0.25 | J54: G: taxa de garantias;
J55: DF: taxa de despesas financeiras;
C56: * CALCULADO CONFORME ACÓRDÃO N° 2622/2013 - TCU - Plenário | J56: L: taxa de lucro/remuneração;
C57: **PIS - 0,65%; COFINS -3,00%; CPRB - 0,00% | J57: I: taxa de incidência de impostos (PIS, COFINS, ISS, CPRB)
C61: COMPOSIÇÃO BDI REDUZIDO PARA MATERIAL - CONFORME TCU
C64: Administração Central | E64: 0.0345
C65: Seguro e Garantia | E65: 0.0048
C66: Risco | E66: 0.0085
C67: Despesas financeiras | E67: 0.0085 | J67: Onde:
C68: Lucro | E68: 0.0511 | J68: AC: taxa de administração central;
C69: Tributos - PIS, COFINS e CPRB | E69: 0.0365 | F69: ** | J69: S: taxa de seguros;
C70: Tributos - ISS | E70: 0 | F70: *** | J70: R: taxa de riscos;
C71: BDI | E71: =ROUND((((1+E64+E65+E66)*(1+E67)*(1+E68))/(1-E69-E70)-1),4) -> 0.1528 | J71: G: taxa de garantias;
J72: DF: taxa de despesas financeiras;
C73: * CALCULADO CONFORME ACÓRDÃO N° 2622/2013 - TCU - Plenário | J73: L: taxa de lucro/remuneração;
C74: **PIS - 0,65%; COFINS -3,00%; CPRB - 0,00% | J74: I: taxa de incidência de impostos (PIS, COFINS, ISS, CPRB)
B90: REYDNNER ANDREI NUNES SILVA
B91: ENGENHEIRO CIVIL
B92: CREA 1014662982D-GO

Sheet CRONO
A1: Contratante: | B1: Fundo Municipal de Eucação de Bela Vista de Goiás
A2: Obra: | B2: Reforma – CMEI Dona Baltira de Moraes e Souza
A3: Endereço: | B3: Rua JA01, quadra 01, lote APM 1, Jardim Alphaville, Bela Vista de Goiás
A5: CRONOGRAMA FÍSICO-FINANCEIRO
A6: ITEM | B6: DESCRIÇÃO | C6: TOTAL | D6: MES 01 | E6: MES 02 | F6: MES 03 | G6: MES 04 | H6: MES 05 | I6: MES 06 | J6: TOTAL
A7: 1 | B7: Mobilização do canteiro e instalação provisória | C7: =RESUMO!C7 -> 49200.7 | D7: =$C$7*D8 -> 29520.42 | E7: =$C$7*E8 -> 19680.28 | J7: =SUM(D7:I7) -> 49200.7
C8: =C7/$C$35 -> 0.061577117 | D8: 0.6 | E8: 0.4 | J8: =SUM(D8:I8) -> 1
A9: 2 | B9: Demolição, limpeza e raspagem de solo | C9: =RESUMO!C8 -> 2812.54 | D9: =$C$9*D10 -> 2812.54 | J9: =SUM(D9:I9) -> 2812.54
C10: =C9/$C$35 -> 0.0035200333 | D10: 1 | J10: =SUM(D10:I10) -> 1
A11: 3 | B11: Aterro e compactação | C11: =RESUMO!C9 -> 25442.69 | D11: =$C$11*D12 -> 20354.152 | E11: =$C$11*E12 -> 5088.538 | J11: =SUM(D11:I11) -> 25442.69
C12: =C11/$C$35 -> 0.031842789 | D12: 0.8 | E12: 0.2 | J12: =SUM(D12:I12) -> 1
A13: 4 | B13: Escavação(sapatas, blocos, estacas) | C13: =RESUMO!C10 -> 3755.36 | D13: =$C$13*D14 -> 2628.752 | E13: =$C$13*E14 -> 1126.608 | J13: =SUM(D13:I13) -> 3755.36
C14: =C13/$C$35 -> 0.0047000193 | D14: 0.7 | E14: 0.3 | J14: =SUM(D14:I14) -> 1
A15: 5 | B15: Fundação, Baldrames, pilares e vigas | C15: =RESUMO!C11 -> 189516.6 | D15: =$C$15*D16 -> 18951.66 | E15: =$C$15*E16 -> 56854.98 | F15: =$C$15*F16 -> 66330.81 | G15: =$C$15*G16 -> 47379.15 | J15: =SUM(D15:I15) -> 189516.6
C16: =C15/$C$35 -> 0.23718943 | D16: 0.1 | E16: 0.3 | F16: 0.35 | G16: 0.25 | J16: =SUM(D16:I16) -> 1
A17: 6 | B17: Laje e impermeabilização | C17: =RESUMO!C12 -> 60238.41 | E17: =$C17*E18 -> 9035.7615 | F17: =$C17*F18 -> 30119.205 | G17: =$C17*G18 -> 21083.444 | J17: =SUM(D17:I17) -> 60238.41
C18: =C17/$C$35 -> 0.075391358 | E18: 0.15 | F18: 0.5 | G18: 0.35 | J18: =SUM(D18:I18) -> 1
A19: 7 | B19: Montagem da cobertura (madeira, telha, calha) | C19: =RESUMO!C13 -> 46508.39 | F19: =$C19*F20 -> 11627.098 | G19: =$C19*G20 -> 23254.195 | H19: =$C19*H20 -> 11627.098 | J19: =SUM(D19:I19) -> 46508.39
C20: =C19/$C$35 -> 0.058207557 | F20: 0.25 | G20: 0.5 | H20: 0.25 | J20: =SUM(D20:I20) -> 1
A21: 8 | B21: Execução das paredes de alvenaria | C21: =RESUMO!C14 -> 197882.82 | F21: =$C21*F22 -> 19788.282 | G21: =$C21*G22 -> 69258.987 | H21: =$C21*H22 -> 69258.987 | I21: =$C21*I22 -> 39576.564 | J21: =SUM(D21:I21) -> 197882.82
C22: =C21/$C$35 -> 0.24766017 | F22: 0.1 | G22: 0.35 | H22: 0.35 | I22: 0.2 | J22: =SUM(D22:I22) -> 1
A23: 9 | B23: Instalações hidrossanitárias, elétricas e CFTV | C23: =RESUMO!C15 -> 55011.02 | F23: =$C23*F24 -> 5501.102 | G23: =$C23*G24 -> 16503.306 | H23: =$C23*H24 -> 22004.408 | I23: =$C23*I24 -> 11002.204 | J23: =SUM(D23:I23) -> 55011.02
C24: =C23/$C$35 -> 0.06884902 | F24: 0.1 | G24: 0.3 | H24: 0.4 | I24: 0.2 | J24: =SUM(D24:I24) -> 1
A25: 10 | B25: Revestimentos internos/externos (cerâmica/piso) | C25: =RESUMO!C16 -> 50116.21 | G25: =$C25*G26 -> 7517.4315 | H25: =$C25*H26 -> 17540.673 | I25: =$C25*I26 -> 25058.105 | J25: =SUM(D25:I25) -> 50116.21
C26: =C25/$C$35 -> 0.062722923 | G26: 0.15 | H26: 0.35 | I26: 0.5 | J26: =SUM(D26:I26) -> 1
A27: 11 | B27: Esquadrias e ferragens | C27: =RESUMO!C17 -> 10193.05 | G27: =$C27*G28 -> 4077.22 | H27: =$C27*H28 -> 4077.22 | I27: =$C27*I28 -> 2038.61 | J27: =SUM(D27:I27) -> 10193.05
C28: =C27/$C$35 -> 0.012757108 | G28: 0.4 | H28: 0.4 | I28: 0.2 | J28: =SUM(D28:I28) -> 1
A29: 12 | B29: Pintura | C29: =RESUMO!C18 -> 72969.34 | H29: =$C29*H30 -> 21890.802 | I29: =$C29*I30 -> 51078.538 | J29: =SUM(D29:I29) -> 72969.34
C30: =C29/$C$35 -> 0.091324749 | H30: 0.3 | I30: 0.7 | J30: =SUM(D30:I30) -> 1
A31: 13 | B31: Limpeza geral, testes e desmobilização | C31: =RESUMO!C19 -> 1483.15 | I31: =$C31*I32 -> 1483.15 | J31: =SUM(D31:I31) -> 1483.15
C32: =C31/$C$35 -> 0.0018562358 | I32: 1 | J32: =SUM(D32:I32) -> 1
A33: 14 | B33: Administração de Obra | C33: =RESUMO!C20 -> 33879.2 | D33: =$C33*D34 -> 5420.672 | E33: =$C33*E34 -> 5759.464 | F33: =$C33*F34 -> 5759.464 | G33: =$C33*G34 -> 5759.464 | H33: =$C33*H34 -> 5759.464 | I33: =$C33*I34 -> 5420.672 | J33: =SUM(D33:I33) -> 33879.2
C34: =C33/$C$35 -> 0.042401499 | D34: 0.16 | E34: 0.17 | F34: 0.17 | G34: 0.17 | H34: 0.17 | I34: 0.16 | J34: =SUM(D34:I34) -> 1
A35: TOTAL | C35: =C33+C31+C29+C27+C25+C23+C21+C19+C17+C15+C13+C11+C9+C7 -> 799009.48
C36: TOTAL | D36: =D33+D31+D29+D27+D25+D23+D21+D19+D17+D15+D13+D11+D9+D7 -> 79688.196 | E36: =E33+E31+E29+E27+E25+E23+E21+E19+E17+E15+E13+E11+E9+E7 -> 97545.632 | F36: =F33+F31+F29+F27+F25+F23+F21+F19+F17+F15+F13+F11+F9+F7 -> 139125.96 | G36: =G33+G31+G29+G27+G25+G23+G21+G19+G17+G15+G13+G11+G9+G7 -> 194833.2 | H36: =H33+H31+H29+H27+H25+H23+H21+H19+H17+H15+H13+H11+H9+H7 -> 152158.65 | I36: =I33+I31+I29+I27+I25+I23+I21+I19+I17+I15+I13+I11+I9+I7 -> 135657.84 | J36: =SUM(D36:I36) -> 799009.48
C37: PORCENTAGEM | D37: =D36/$C$35 -> 0.09973373 | E37: =E36/$C$35 -> 0.1220832 | F37: =F36/$C$35 -> 0.17412304 | G37: =G36/$C$35 -> 0.24384341 | H37: =H36/$C$35 -> 0.1904341 | I37: =I36/$C$35 -> 0.16978252 | J37: =SUM(D37:I37) -> 1
C38: TOTAL ACOMULADO | D38: =D36 -> 79688.196 | E38: =E36+D38 -> 177233.83 | F38: =F36+E38 -> 316359.79 | G38: =G36+F38 -> 511192.99 | H38: =H36+G38 -> 663351.64 | I38: =I36+H38 -> 799009.48 | J38: =IF(J36=C35,"OK","REVEJA O CÓDIGO") -> OK
C39: PORCENTAGEM ACOMULADO | D39: =D37 -> 0.09973373 | E39: =E37+D39 -> 0.22181693 | F39: =F37+E39 -> 0.39593997 | G39: =G37+F39 -> 0.63978338 | H39: =H37+G39 -> 0.83021748 | I39: =I37+H39 -> 1
A50: REYDDNER ANDREI NUNES SILVA
A51: ENGENHEIRO CIVIL
A52: CREA 14662982D-GO
